 Dungeon Crawl Stone Soup version 0.26-a0-1161-g0398aca569 (webtiles) character file.

Game seed: 10629409494795304805

1691201 Kaver the Conqueror (level 27, -1/199 HPs)
             Began as a Gargoyle Earth Elementalist on Dec 27, 2020.
             Was the Champion of Vehumet.
             Slain by Demmo the pandemonium lord (2 damage)
             ... on level 21 of a ziggurat on Dec 28, 2020.
             The game lasted 06:49:34 (100644 turns).

Kaver the Conqueror (Gargoyle Earth Elementalist) Turns: 100644, Time: 06:49:34

Health: -1/199     AC: 57    Str: 27    XL:     27
Magic:  0/68       EV: 33    Int: 34    God:    Vehumet [******]
Gold:   18733      SH: 18    Dex: 10    Spells: 0/80 levels left

rFire    + + +     SeeInvis +   C - +3 Elemental Staff {rElec rF++ rC++ Will++ AC+5}
rCold    + + +     Faith    .   F - +2 shield of Resistance {rF++ rC++ Will++}
rNeg     + + +     Spirit   +   u - +4 moon troll leather armour {Spirit, Regen++ MP+5}
rPois    ∞         Reflect  .   w - +4 helmet of Gitu {MP+9}
rElec    +         Harm     .   v - scarf {+Inv}
rCorr    .         Rampage  .   S - +0 pair of gloves of Haihom Daosm {Int+5}
Will     +++++                  L - +0 pair of boots "Mitefel" {*Contam Str+8 SInv Stlth-}
Stlth    ++++++++..             l - macabre finger necklace {rN+}
HPRegen  1.23/turn              g - ring of Phasing {EV+8}
MPRegen  0.41/turn              b - ring of Robustness {AC+8}
                                H - ring of Nohoak {rN+ Will+ Str+7 SInv}

@: mighty, flying, hasted and slowed, silenced
A: big wings, cold resistance 1, negative energy resistance 1, electricity
resistance, unbreathing, petrification resistance, miasma immunity, AC +20
}: 11/15 runes: serpentine, barnacled, slimy, silver, golden, abyssal, demonic,
glowing, magical, fiery, dark
a: Stop Flying, Renounce Religion, Evoke Invisibility


You were on level 21 of a ziggurat.
You worshipped Vehumet.
Vehumet was exalted by your worship.
You visited 12 branches of the dungeon, and saw 56 of its levels.
You visited Pandemonium 1 time, and saw 15 of its levels.
You visited the Abyss 1 time.
You visited 1 bazaar.
You visited 4 ziggurats (completing 3), and saw 102 of their levels.
You also visited: Gauntlet, Volcano and Wizlab.

You collected 25832 gold pieces.
You spent 7099 gold pieces at shops.

Inventory:

Hand Weapons
 B - a +9 sacred scourge of holy wrath
 C - the +3 Elemental Staff (weapon) {rElec rF++ rC++ Will++ AC+5}
   (You found it on level 17 of a ziggurat)

   It affects your AC (+5).
   It greatly protects you from fire.
   It greatly protects you from cold.
   It insulates you from electricity.
   It affects your willpower, your defense against some magical effects.
Missiles
 Q - 163 silver javelins (quivered)
Armour
 u - the +4 moon troll leather armour (worn) {Spirit, Regen++ MP+5}
   (You found it on level 12 of a ziggurat)

   It affects your magic capacity (+5).
   It increases your rate of regeneration.
 v - a scarf of invisibility (worn)
 w - the +4 helmet of Gitu (worn) {MP+9}
   (You found it on level 12 of a ziggurat)

   It affects your magic capacity (+9).
 F - the +2 shield of Resistance (worn) {rF++ rC++ Will++}
   (You found it on level 11 of the Dungeon)

   It greatly protects you from fire.
   It greatly protects you from cold.
   It affects your willpower, your defense against some magical effects.
 L - the +0 pair of boots "Mitefel" (worn) {*Contam Str+8 SInv Stlth-}
   (You found it on level 22 of a ziggurat)

   It affects your strength (+8).
   It lets you see invisible.
   It causes magical contamination when unequipped.
   It makes you less stealthy.
 S - the +0 pair of gloves of Haihom Daosm (worn) {Int+5}
   (You found it on level 25 of a ziggurat)

   It affects your intelligence (+5).
Jewellery
 b - the ring of Robustness (right hand) {AC+8}
   (You bought it in a shop on level 3 of the Snake Pit)

   [ring of protection]

   It affects your AC (+8).
 g - the ring of Phasing (left hand) {EV+8}
   (You bought it in a shop on level 3 of the Snake Pit)

   [ring of evasion]

   It affects your evasion (+8).
 l - the macabre finger necklace (around neck) {rN+}
   (You found it on level 26 of a ziggurat)

   [amulet of nothing]

   It protects you from negative energy.
 r - the amulet of Vitality {Regen+ HP+15}
   (You found it on level 3 of the Depths)

   [amulet of regeneration]

   It affects your health (+15).
   It increases your rate of regeneration.
 H - the ring of Nohoak (on amulet) {rN+ Will+ Str+7 SInv}
   (You found it on level 22 of a ziggurat)

   [ring of willpower]

   It affects your strength (+7).
   It protects you from negative energy.
   It affects your willpower, your defense against some magical effects.
   It lets you see invisible.
Wands
 s - a wand of acid (48)
Scrolls
 d - 26 scrolls of identify
 h - 76 scrolls of remove curse
 n - 14 scrolls of immolation
 y - 7 scrolls of magic mapping
 z - 27 scrolls of amnesia
 J - 109 scrolls of teleportation
 K - 3 scrolls of summoning
 M - 27 scrolls of blinking
 O - 55 scrolls of fog
 T - 16 scrolls of holy word
Potions
 a - 5 potions of resistance
 c - 4 potions of berserk rage
 e - 20 potions of heal wounds
 f - 37 potions of curing
 i - 25 potions of haste
 j - 10 potions of magic
 k - 8 potions of might
 p - 13 potions of brilliance
 t - 2 potions of invisibility
 x - 8 potions of ambrosia
 G - 75 potions of mutation
 Y - 18 potions of cancellation
Miscellaneous
 m - a phantom mirror
 D - a condenser vane (inert)
 U - a box of beasts


   Skills:
 O Level 27 Fighting
 - Level 16.0(23.1) Maces & Flails
 O Level 27 Staves
 + Level 25.8 Throwing
 O Level 27 Armour
 O Level 27 Dodging
 O Level 27 Stealth
 - Level 19.0 Shields
 O Level 27 Spellcasting
 O Level 27 Conjurations
 - Level 21.0 Necromancy
 - Level 10.0 Transmutations
 O Level 27 Fire Magic
 O Level 27 Ice Magic
 O Level 27 Air Magic
 O Level 27 Earth Magic
 - Level 10.0 Evocations


You couldn't memorise any spells.
You knew the following spells:

 Your Spells              Type           Power        Failure   Level
a - Shatter               Erth           74%          1%          9
b - Stone Arrow           Conj/Erth      100%         0%          3
c - Lee's Rapid Deconstr  Erth           74%          0%          5
d - Iron Shot             Conj/Erth      74%          0%          6
e - Death's Door          Necr           56%          9%          9
f - Fire Storm            Conj/Fire      74%          1%          9
g - Ignition              Fire           74%          1%          8
h - Irradiate             Conj/Tmut      53%          0%          5
i - Necromutation         Tmut/Necr      50%          5%          8
j - Absolute Zero         Ice            74%          1%          9
k - Tornado               Air            74%          1%          9

Your spell library contained the following spells:

 Spells                   Type           Power        Failure   Level
 Chain Lightning          Conj/Air       74%          1%          8
 Animate Skeleton         Necr           100%         0%          1
 Beastly Appendage        Tmut           100%         0%          1
 Foxfire                  Conj/Fire      100%         0%          1
 Freeze                   Ice            100%         0%          1
 Magic Dart               Conj           100%         0%          1
 Pain                     Necr           100%         0%          1
 Sandblast                Erth           100%         0%          1
 Shock                    Conj/Air       100%         0%          1
 Corpse Rot               Necr/Air       N/A          0%          2
 Ensorcelled Hibernation  Hex/Ice        100%         0%          2
 Passwall                 Tmut/Erth      100%         0%          2
 Poisonous Vapours        Pois/Air       100%         0%          2
 Searing Ray              Conj           100%         0%          2
 Swiftness                Air            100%         0%          2
 Wereblood                Tmut           85%          0%          2
 Conjure Flame            Conj/Fire      100%         0%          3
 Dazzling Flash           Conj/Hex       100%         0%          3
 Frozen Ramparts          Ice            100%         0%          3
 Ignite Poison            Fire/Tmut/Pois 100%         0%          3
 Inner Flame              Hex/Fire       100%         0%          3
 Mephitic Cloud           Conj/Pois/Air  100%         0%          3
 Ozocubu's Armour         Ice            100%         0%          3
 Static Discharge         Conj/Air       100%         0%          3
 Vampiric Draining        Necr           56%          0%          3
 Airstrike                Air            74%          0%          4
 Animate Dead             Necr           56%          0%          4
 Dispel Undead            Necr           100%         0%          4
 Fulminant Prism          Conj/Hex       47%          0%          4
 Hailstorm                Conj/Ice       100%         0%          4
 Ice Form                 Ice/Tmut       100%         0%          4
 Iskenderun's Mystic Bla  Conj/Tloc      95%          0%          4
 Petrify                  Tmut/Erth      100%         0%          4
 Sticky Flame             Conj/Fire      100%         0%          4
 Agony                    Necr           100%         0%          5
 Bolt of Magma            Conj/Fire/Erth 87%          0%          5
 Borgnjor's Vile Clutch   Necr/Erth      71%          0%          5
 Excruciating Wounds      Necr           56%          0%          5
 Fireball                 Conj/Fire      74%          0%          5
 Iskenderun's Battlesphe  Conj           100%         0%          5
 Lightning Bolt           Conj/Air       74%          0%          5
 Conjure Ball Lightning   Conj/Air       74%          0%          6
 Death Channel            Necr           56%          0%          6
 Freezing Cloud           Conj/Ice/Air   87%          0%          6
 Ozocubu's Refrigeration  Ice            74%          0%          6
 Simulacrum               Ice/Necr       71%          0%          6
 Starburst                Conj/Fire      74%          0%          6
 Orb of Destruction       Conj           62%          0%          7
 Apportation              Tloc           90%          1%          1
 Corona                   Hex            50%          1%          1
 Sting                    Tmut/Pois      100%         1%          1
 Summon Small Mammal      Summ           100%         1%          1
 Blink                    Tloc           N/A          1%          2
 Call Imp                 Summ           45%          1%          2
 Slow                     Hex            45%          1%          2
 Call Canine Familiar     Summ           45%          1%          3
 Confusing Touch          Hex            45%          1%          3
 Gell's Gravitas          Tloc           22%          1%          3
 Lesser Beckoning         Tloc           22%          1%          3
 Portal Projectile        Hex/Tloc       90%          1%          3
 Spider Form              Tmut/Pois      34%          1%          3
 Summon Guardian Golem    Hex/Summ       45%          1%          3
 Teleport Other           Tloc           45%          1%          3
 Tukima's Dance           Hex            45%          1%          3
 Leda's Liquefaction      Hex/Erth       58%          1%          4
 Olgreb's Toxic Radiance  Pois           45%          1%          4
 Summon Ice Beast         Ice/Summ       100%         1%          4
 Summon Lightning Spire   Summ/Air       100%         1%          4
 Alistair's Intoxication  Tmut/Pois      45%          1%          5
 Blade Hands              Tmut           42%          1%          5
 Metabolic Englaciation   Hex/Ice        58%          1%          5
 Silence                  Hex/Air        58%          1%          5
 Yara's Violent Unravell  Hex/Tmut       34%          1%          5
 Hydra Form               Tmut           42%          1%          6
 Spellforged Servitor     Conj/Summ      47%          1%          7
 Borgnjor's Revivificati  Necr           56%          1%          8
 Infestation              Necr           56%          1%          8
 Lehudib's Crystal Spear  Conj/Erth      74%          1%          8
 Cause Fear               Hex            22%          4%          4
 Passage of Golubria      Tloc           N/A          4%          4
 Haunt                    Necr/Summ      43%          5%          7
 Dragon Form              Tmut           42%          7%          7
 Eringya's Noxious Bog    Tmut/Pois      34%          10%         6
 Summon Demon             Summ           22%          13%         5
 Summon Forest            Summ/Tloc      22%          13%         5
 Summon Mana Viper        Hex/Summ       45%          13%         5
 Dispersal                Tloc           22%          58%         6
 Invisibility             Hex            45%          58%         6
 Shadow Creatures         Summ           N/A          58%         6
 Malign Gateway           Summ/Tloc      22%          99%         7
 Monstrous Menagerie      Summ           22%          99%         7
 Summon Greater Demon     Summ           22%          99%         7
 Summon Hydra             Summ           22%          99%         7
 Discord                  Hex            22%          100%        8
 Disjunction              Tloc           22%          100%        8
 Summon Horrible Things   Summ           22%          100%        8
 Dragon's Call            Summ           22%          100%        9
 Sublimation of Blood     Necr           Unusable     N/A         2
 Statue Form              Tmut/Erth      Unusable     N/A         6

Dungeon Overview and Level Annotations

Branches:
Dungeon (15/15)            Temple (1/1) D:4            Lair (6/6) D:9
 Shoals (4/4) Lair:3        Snake (4/4) Lair:3        Slime (5/5) Lair:6
    Orc (2/2) D:12            Elf (3/3) Orc:2        Vaults (5/5) D:14
  Crypt (3/3) Vaults:3       Tomb (3/3) Crypt:3      Depths (5/5) D:15
    Zot (0/5) Depths:5    Volcano (visited)          WizLab (visited)
Gauntlet (visited)

Altars:
Ashenzari
Cheibriados
Elyvilon
Fedhas
Gozag
Kikubaaqudgha
Makhleb
Qazlal
Ru
Trog
Uskayaw
Vehumet
Wu Jian
Xom
Yredelemnul
Zin
The Shining One
Beogh

Shops:
D:10 ?   D:12 (   Orc:2 =[*!   Snake:2 (=   Snake:3 =}=   Vaults:1 *
Vaults:5 [

Portals:
Hell: Depths:1 Depths:2 Depths:3 Depths:4 Depths:5
Abyss: D:5 Depths:2 Depths:4
Pandemonium: Depths:1 Depths:3 Depths:4
Ziggurat: D:15

Annotations:
D:11 1 runed translucent door
Elf:2 3 runed translucent doors
Depths:1 2 runed translucent doors


Innate Abilities, Weirdness & Mutations

You are resistant to torment.
Your stone body is resilient. (AC +20)
You are immune to poison.
Your large and strong wings let you fly indefinitely.
You resist negative energy. (rN+)
You are resistant to electric shocks. (rElec)
You can survive without breathing.
You are immune to petrification.
You are immune to miasma.
Your flesh is cold resistant. (rC+)


Message History

Aveodd completely misses you. Hiuref completely misses you.
You feel much better.
You are engulfed in freezing vapours.
You resist. Imiotass gestures at you. The bolt of negative energy misses you.
The bolt of negative energy hits Aveodd.
Aveodd completely resists.
The bolt of negative energy hits the ufetubus.
The ufetubus completely resists.
You block Aveodd's attack. Waiss gestures at you.
The sphere of damnation explodes!
The damnation engulfs you!!
* * * LOW HITPOINT WARNING * * *
The damnation engulfs the ynoxinul!!
The ynoxinul dies!
The ufetubus disappears in a puff of smoke! x8
The damnation engulfs Fyrhynn!
The damnation engulfs Aveodd!!!
The damnation engulfs Imiotass!
The damnation engulfs Deycsuqu!!
The damnation engulfs Gaku!
The damnation engulfs Hiuref!
The damnation engulfs Demmo!!
You block Gaku's attack. Hiuref misses you. Deycsuqu closely misses you.
Imiotass closely misses you. Demmo hits you.
You die...

▓▓▓▓▓▓▓.▓▓▓▓▓▓▓
▓.............▓▓▓
................▓
.................
............... #...§§§&§...#
#..☼§&&XX§# ....▓ ▓▓.....#
#..§&@&X&(# ..... ▓......##
##..X&&&XXX## #.....
▓.......###...XH1§&2)§###......
................&X&t&)§§....[=?
...............§XX&24§§§..†.)!??
...............§§X§§§§.)....?:|"
...............§§§.§§§§§...)!?:∩
.∩................§§§§§§...○?))>
..................†.§..)p&§°|?[∩


You could see Acemebo, Aveodd, Biumpud, Cixat, Deibbic (clouds), Demmo,
Deycsuqu, Fyrhynn, Gaku, Hiuref (clouds), Imiotass (silencing, clouds), Waiss,
Xoijob, Yxzuastri, a Hell Sentinel (summoned), 3 tentacled monstrosities, a hell
beast (summoned), a fenstrider witch (drained), an apocalypse crab, 9 large
abominations, a hellwing (summoned) and a tormentor (summoned).

Vanquished Creatures
  Cerebov (Pan)
  the Royal Jelly (Slime:5)
  Ignacio (Pan)
  Gloorx Vloq (Pan)
  Mnoleg (Pan)
  Lom Lobon (Pan)
  The ghost of Sobuoh the Slayer, a legendary GrEE of Vehumet (Zig:20)
  The ghost of Zorhyraw the Slayer, a legendary GrEE of Vehumet (Zig:20)
  The ghost of Sobuoh the Slayer, a legendary GrEE of Vehumet (Zig:20)
  The ghost of Ygonacw the Petrodigitator, a legendary GrEE of Vehumet (Zig:20)
  The ghost of Ygonacw the Petrodigitator, a legendary GrEE of Vehumet (Zig:20)
  The ghost of Wougrad the Conqueror, a legendary GrEE of Vehumet (Zig:20)
  The ghost of Qumaaz the Conqueror, a legendary HuIE of Hepliaklqana (Zig:20)
  The ghost of Rotwopom the Cloud Mage, a legendary NaVM of Cheibriados (Zig:20)
  The ghost of Umoqal the Sorcerer, a legendary DEEE of Vehumet (Zig:20)
  The ghost of Umoqal the Sorcerer, a legendary DEEE of Vehumet (Zig:20)
  The ghost of Umoqal the Sorcerer, a legendary DEEE of Vehumet (Zig:20)
  The ghost of Umoqal the Sorcerer, a legendary DEEE of Vehumet (Zig:20)
  The ghost of Umoqal the Sorcerer, a legendary DEEE of Vehumet (Zig:20)
  The ghost of Gyofeun the Axe Maniac, a legendary FoFi of Ru (Zig:20)
  6 orbs of fire (Zig:16)
  Mennas (Vaults:2)
  18 juggernauts
  33 ancient liches
  The ghost of Muffal the Impregnable, a legendary FoFi of the Shining One (Zig:20)
  The ghost of Saonuxt the Cutthroat, a legendary DsFi of Uskayaw (Zig:20)
  The ghost of Xiorchab the Archmage, a legendary VSFi of Wu Jian (Zig:20)
  The ghost of Xiorchab the Archmage, a legendary VSFi of Wu Jian (Zig:20)
  The ghost of Poybuibi the Conqueror, a veteran MiMo of Ru (Zig:20)
  Boris (Depths:4)
  81 royal mummies
  The ghost of Gishoal the Imperceptible, a legendary KoBr of Wu Jian (Zig:20)
  The ghost of Asajosug the Merry Gargoyle, a legendary GrBe of the Shining One (Crypt:1)
  15 shard shrikes
  Sojobo (Vaults:4)
  Saint Roka (Vaults:4)
  15 Killer Klowns
  21 caustic shrikes
  The ghost of Icuofef the Sorcerer, a veteran SpEn of Dithmenos (Zig:20)
  44 golden dragons
  2 curse toes (Zig:20)
  Nikola (Snake:4)
  the Enchantress (Depths:5)
  9 profane servitors
  11 pearl dragons (Zig:17)
  28 bone dragons
  Jory (Depths:5)
  The ghost of Xootouk the Archmage, a master SpEn of Dithmenos (Zig:20)
  The ghost of Xootouk the Archmage, a master SpEn of Dithmenos (Zig:20)
  26 Brimstone Fiends
  17 Tzitzimimeh
  28 Hell Sentinels
  30 Ice Fiends
  24 iron giants
  7 electric golems
  26 tentacled monstrosities
  15 hellephants
  Asterion (Snake:4)
  31 liches
  38 titans
  21 deep elf blademasters
  6 quicksilver dragons (Zig:26)
  15 sphinxes
  78 acid blobs
  32 deep elf master archers
  A quicksilver dragon (shapeshifter) (Zig:21)
  19 tentacled starspawn
  39 Executioners
  Polyphemus (Shoals:3)
  46 ancient champions
  2 krakens (Shoals:3)
  Gastronok (D:10)
  10 shadow dragons
  28 pandemonium lords
  17 tengu reavers
  24 azure jellies
  Roxanne (Shoals:1)
  13 storm dragons
  45 revenants
  4 thorn hunters
  Kirke (D:14)
  A fenstrider witch (Zig:15)
  53 nagarajas
  27 draconian monks
  3 azure jellies (shapeshifter)
  A frost giant (shapeshifter) (Zig:21)
  15 daevas
  24 fire giants
  35 frost giants
  An emperor scorpion (shapeshifter) (Zig:21)
  11 deep elf sorcerers
  12 emperor scorpions
  30 draconian scorchers
  31 draconian knights
  18 vault wardens
  15 angels
  55 balrugs
  Aizul (Snake:1)
  37 orc warlords
  14 iron dragons
  30 cacodemons
  48 ghost moths
  Louise (Shoals:4)
  21 warmongers
  8 juggernaut zombies
  33 draconian shifters
  20 ghouls
  26 draconian stormcallers
  37 draconian annihilators
  33 curse skulls
  7 caustic shrike zombies
  50 very ugly things
  2 stone giants (shapeshifter) (Zig:21)
  57 reapers
  9 juggernaut skeletons
  8 deep elf elementalists
  22 ironheart preservers
  25 war gargoyles
  58 stone giants
  3 spriggan defenders (Depths:5)
  5 ophanim (Zig:17)
  28 blood saints
  16 bennus
  30 deep elf demonologists
  11 yellow draconians
  8 caustic shrike skeletons
  21 corrupters
  6 apis (Zig:17)
  26 black suns
  Nessos (Lair:4)
  34 vampire knights
  18 green draconians
  21 black draconians
  2 dire elephants (shapeshifter)
  32 dire elephants
  37 deep elf annihilators
  13 bunyips
  12 lorocyprocas
  21 purple draconians
  A minotaur (Gauntlet)
  21 red draconians
  15 spark wasps
  A spark wasp (shapeshifter) (Gauntlet)
  37 entropy weavers
  16 white draconians
  An ettin (shapeshifter) (Zig:18)
  An eleionoma (shapeshifter) (Zig:2)
  29 ettins
  18 merfolk javelineers
  29 deep elf death magi
  50 blizzard demons
  6 quicksilver dragon zombies
  52 eidola
  58 mummy priests
  16 eleionomae
  12 death oozes
  32 shambling mangroves
  20 crystal guardians
  79 green deaths
  Josephine (Lair:4)
  11 merfolk impalers
  25 fire dragons
  10 jiangshi
  41 yaktaur captains
  18 great orbs of eyes
  11 monstrous demonspawn (Pan)
  4 quicksilver dragon skeletons
  5 rakshasas
  A boulder beetle (shapeshifter) (Zig:14)
  Erolcha (D:11)
  34 deep elf high priests
  88 hydras
  35 naga warriors
  16 boulder beetles
  9 spriggan air magi
  37 ice dragons
  36 vault guards
  2 hydras (shapeshifter)
  21 catoblepae
  Erica (D:10)
  An ice dragon (shapeshifter) (Zig:21)
  12 hell beasts
  30 centaur warriors
  3 alligator snapping turtles (shapeshifter)
  8 death knights
  4 merfolk avatars
  2 juggernaut simulacra (Pan)
  31 two-headed ogres
  A two-headed ogre (shapeshifter) (Zig:6)
  17 alligators
  9 ghost crabs
  33 anacondas
  7 deep troll earth magi
  13 merfolk aquamancers
  55 dancing weapons
  22 satyrs
  19 ogre magi
  3 hell hogs
  9 deep troll shamans
  33 vampire magi
  11 death yaks
  72 death scarabs
  9 tengu warriors
  23 thrashing horrors
  36 shock serpents
  32 orc high priests
  43 naga sharpshooters
  2 shock serpents (shapeshifter)
  31 hell knights
  10 iron golems
  5 spriggan berserkers
  10 titan zombies
  58 sun demons
  44 soul eaters
  3 fire crabs (Zig:16)
  6 storm dragon zombies
  12 salamander mystics
  16 wretched stars
  42 deep elf knights
  12 iron trolls
  15 shadow wraiths
  11 spatial maelstroms
  3 fire crabs (shapeshifter)
  5 titan skeletons
  13 goliath frogs
  65 skeletal warriors
  17 glowing orange brains
  33 sixfirhies
  25 death drakes
  11 sea snakes
  11 golden dragon zombies
  An unseen horror (shapeshifter) (Vaults:2)
  14 shadow demons
  7 storm dragon skeletons
  19 spriggan druids
  28 deep elf archers
  An infernal demonspawn (Pan)
  29 flayed ghosts
  25 deep trolls
  12 naga ritualists
  12 cherubim
  A death drake (shapeshifter) (Vaults:5)
  2 spark wasp zombies (Zig:12)
  5 unseen horrors
  51 phantasmal warriors
  3 bog bodies
  5 torturous demonspawn (Pan)
  A ghost moth zombie (Crypt:3)
  16 golden dragon skeletons
  2 anaconda zombies (Crypt:3)
  6 gelid demonspawn
  27 ironbrand convokers
  12 orange crystal statues
  16 wizards
  22 harpies
  A lindwurm (shapeshifter) (Gauntlet)
  5 lindwurms
  37 swamp dragons
  16 necromancers
  7 shadow dragon zombies
  14 obsidian statues
  2 wolf spider zombies
  43 orb spiders
  34 orc knights
  2 anaconda skeletons
  An orb spider (shapeshifter) (Depths:4)
  4 shadow dragon skeletons
  21 fauns
  8 sphinx zombies
  3 frost giant zombies
  25 mana vipers
  26 orc sorcerers
  2 wolf spiders (shapeshifter)
  10 shining eyes
  119 deep elf magi
  7 sphinx skeletons
  2 oklob plants (Lair:2)
  11 will-o-the-wisps
  6 fire giant zombies
  4 cyclopes (shapeshifter)
  42 wolf spiders
  7 iron dragon zombies
  13 manticores
  12 tengu skeletons
  3 worldbinders
  81 ugly things
  2 salamanders (shapeshifter)
  21 elephants
  2 moths of wrath (shapeshifter)
  21 moths of wrath
  15 salamanders
  2 manticores (shapeshifter)
  29 cyclopes
  17 ice statues
  5 apocalypse crabs
  7 iron dragon skeletons
  28 guardian serpents
  6 frost giant skeletons
  A guardian serpent (shapeshifter) (Elf:2)
  4 fire giant skeletons
  13 water nymphs
  An elephant (shapeshifter) (Zig:9)
  88 black mambas
  10 spriggan zombies
  28 torpor snails
  8 eyes of devastation
  6 toenail golems
  27 vault sentinels
  10 rust devils
  2 torpor snails (shapeshifter)
  3 stone giant skeletons
  7 merfolk sirens
  26 orange demons
  35 cane toads
  3 cane toads (shapeshifter)
  A molten gargoyle (Depths:3)
  56 smoke demons
  A catoblepas zombie (Crypt:2)
  53 naga magi
  41 hellions
  12 gargoyles
  A storm dragon simulacrum (Zig:10)
  10 spriggan skeletons
  A dire elephant skeleton (Tomb:2)
  A death yak zombie (Crypt:2)
  34 komodo dragons
  3 yaktaurs (shapeshifter)
  12 rime drakes
  19 efreet
  36 ice devils
  41 freezing wraiths
  3 kobold demonologists
  A tengu conjurer (D:13)
  28 demonic crawlers
  40 tormentors
  68 yaktaurs
  2 rime drakes (shapeshifter)
  110 guardian mummies
  2 hydra zombies
  2 yaktaur skeletons
  12 ancient zymes
  A golden dragon simulacrum (Tomb:1)
  38 red devils
  21 hellwings
  2 queen bees (shapeshifter)
  2 trolls (shapeshifter)
  37 merfolk
  19 trolls
  11 wind drakes
  38 jumping spiders
  A queen bee (D:14)
  2 bloated husks
  3 meliai (D:14)
  A raiju (shapeshifter) (Zig:20)
  A jumping spider zombie (Crypt:2)
  A meliai (shapeshifter) (Depths:2)
  2 ettin zombies
  5 tyrant leeches
  94 hornets
  3 ice dragon zombies
  An iron dragon simulacrum (Zig:4)
  A jumping spider (shapeshifter) (Depths:4)
  28 raiju
  14 snapping turtles
  A blink frog (shapeshifter) (D:14)
  34 blink frogs
  A tengu simulacrum (Zig:12)
  8 polar bears
  4 harpy skeletons
  90 slime creatures
  8 dream sheep
  A fire dragon zombie (Tomb:1)
  30 elf zombies
  An alligator zombie (Crypt:1)
  A centaur simulacrum (D:15)
  A black mamba zombie (Abyss:3)
  2 frost giant simulacra
  5 ice dragon skeletons
  19 spriggans
  21 air elementals
  A snapping turtle (shapeshifter) (Zig:7)
  38 tarantellas
  An ettin skeleton (WizLab)
  26 small abominations
  An alligator skeleton (Tomb:2)
  7 shadows
  75 flying skulls
  A vampire (D:10)
  41 redbacks
  2 elf simulacra (Zig:25)
  55 yaks
  2 tarantellas (shapeshifter)
  37 water elementals
  A human (shapeshifter) (Vaults:4)
  A yak (shapeshifter) (Depths:1)
  A guardian serpent skeleton (Crypt:2)
  41 ushabtiu
  10 basilisks
  33 wraiths
  49 ynoxinuls
  20 fire elementals
  A deep troll skeleton (D:15)
  3 fire bats
  A fire dragon skeleton (Zig:3)
  10 golden eyes
  12 wyverns
  A basilisk (shapeshifter) (Vaults:4)
  47 chaos spawn
  The ghost of rdx the Skirmisher, an amateur DsMo (D:4)
  A fire bat (shapeshifter) (Vaults:5)
  2 golden eyes (shapeshifter)
  97 large abominations
  A spriggan simulacrum (Zig:8)
  A human (Vaults:4)
  4 hogs (D:14)
  31 neqoxecs
  11 spatial vortices
  33 elf skeletons
  4 vampire mosquitoes
  65 nagas
  21 insubstantial wisps
  A naga (shapeshifter) (Depths:5)
  The ghost of rlgrobin the Sneak, an amateur KoDe (D:5)
  A human zombie (Zig:8)
  18 wargs
  2 swamp worms (shapeshifter)
  3 acid dragons
  13 hell hounds
  A soldier ant (D:15)
  8 floating eyes
  2 floating eyes (shapeshifter)
  52 water moccasins
  7 sky beasts
  3 swamp drakes
  105 orc warriors
  2 sky beasts (shapeshifter)
  A cane toad skeleton (Pan)
  17 necrophages
  An eye of draining (shapeshifter) (Vaults:1)
  11 ice beasts
  A swamp dragon zombie (Crypt:3)
  18 eyes of draining
  5 phantoms
  4 black bears
  A human skeleton (Vaults:1)
  40 starcursed masses
  10 wolves
  54 ogres
  A tengu (shapeshifter) (Zig:9)
  4 boggarts
  An ice dragon simulacrum (Tomb:3)
  35 centaurs
  10 big kobolds
  A gnoll sergeant (D:12)
  Blork the orc (D:5)
  22 bullfrogs
  A glowing shapeshifter simulacrum (Zig:25)
  A fire crab zombie (Crypt:1)
  25 earth elementals
  6 scorpions
  5 wyvern skeletons (Crypt:3)
  A troll zombie (Crypt:1)
  19 killer bees
  An orc simulacrum (Vaults:1)
  22 wights
  2 howler monkeys
  An electric eel (Elf:3)
  3 lava snakes (Snake:3)
  3 quasits
  3 bullfrog zombies
  10 crimson imps
  2 centaur zombies
  2 human simulacra
  41 orc priests
  3 hounds
  7 jellies
  Crazy Yiuf (D:2)
  2 bullfrog skeletons
  42 orc wizards
  6 centaur skeletons
  16 iron imps
  Jessica (D:2)
  Natasha (D:2)
  4 iguanas
  8 hell rats (Lair:2)
  8 worker ants
  2 killer bee zombies
  9 tengu zombies
  A dwarf skeleton (Crypt:2)
  An acid dragon skeleton (Crypt:1)
  A hound skeleton (D:4)
  176 mummies
  A howler monkey zombie (Crypt:1)
  A worker ant zombie (D:9)
  13 gnolls
  A steam dragon zombie (Crypt:1)
  18 adders
  16 river rats (Lair:2)
  A shadow imp (D:5)
  34 white imps
  5 ufetubi
  5 oozes
  An adder skeleton (D:4)
  3 worms
  A worm (shapeshifter) (Depths:4)
  A barachi skeleton (Crypt:2)
  4 dart slugs
  5 leopard geckos
  131 orcs
  11 bats
  3 giant cockroaches
  45 goblins
  28 hobgoblins
  15 jackals
  25 kobolds
  14 quokkas
  A ball python zombie (Crypt:1)
  4 frilled lizards
  A jackal skeleton (D:4)
  A leopard gecko skeleton (D:7)
  20 rats
  14 ball lightnings
  59 blocks of ice
  31 briar patches (Zig:14)
  26 crawling corpses
  89 fire vortices
  8 starspawn tentacles
  9 tentacles (Shoals:3)
8874 creatures vanquished.

Vanquished Creatures (collateral kills)
  2 royal mummies
  An Ice Fiend (Zig:2)
  3 acid blobs
  An Executioner (Zig:12)
  An azure jelly (Zig:18)
  A storm dragon (shapeshifter) (Depths:3)
  2 ghost moths
  2 emperor scorpions
  A very ugly thing (Zig:12)
  A green draconian (Zig:5)
  A dire elephant (Zig:9)
  A white draconian (Zig:5)
  A green death (Zig:26)
  3 death oozes
  2 catoblepae
  A death yak (Zig:10)
  A vampire mage (Crypt:1)
  A slime creature (Zig:20)
  An elephant (shapeshifter) (Zig:6)
  2 torpor snails
  A guardian serpent (Snake:4)
  A black mamba (Zig:10)
  A komodo dragon (Zig:9)
  A guardian mummy (Tomb:1)
  A troll (Vaults:2)
  A spatial vortex (Abyss:2)
  A floating eye (Depths:4)
  4 mummies
  4 blocks of ice
44 creatures vanquished.

Vanquished Creatures (others)
  The ghost of Umoqal the Sorcerer, a legendary DEEE of Vehumet (Zig:20)
  5 pandemonium lords (Zig:21)
  A golden dragon (Zig:24)
  An iron giant (Zig:21)
  A tentacled monstrosity (Zig:10)
  An eldritch tentacle (WizLab)
  An Executioner (Zig:15)
  A storm dragon (Depths:5)
  A revenant (Zig:20)
  A curse skull (Zig:20)
  A very ugly thing (Depths:3)
  3 draconian annihilators
  A deep elf demonologist (Zig:27)
  A deep elf death mage (Zig:20)
  A dancing weapon (Zig:27)
  A deep elf knight (Zig:27)
  A shadow wraith (Vaults:4)
  An unseen horror (D:15)
  A spriggan druid (Zig:24)
  An orb spider (shapeshifter) (Zig:21)
  2 tormentors (Zig:12)
  A red devil (Zig:12)
  A bloated husk (Zig:24)
  3 hornets (Zig:26)
  A neqoxec (Pan)
  An orc warrior (Vaults:4)
  2 howler monkeys (D:14)
  An orc priest (Orc:2)
  9 ball lightnings
  132 blocks of ice
  A bush (D:9)
  4 demonic plants (Gauntlet)
  381 fire vortices
  16 foxfires
  85 fungi
  A lurking horror (Abyss:2)
  167 plants
  9 starspawn tentacles
  4 tentacles (Shoals:3)
  3 toadstools (D:9)
  41 withered plants
891 creatures vanquished.

Grand Total: 9809 creatures vanquished

Notes
Turn   | Place    | Note
-------+----------+-------------------------------------------
     0 | D:1      | Kaver the Gargoyle Earth Elementalist began the quest for
                  | the Orb.
     0 | D:1      | Reached XP level 1. HP: 10/10 MP: 3/3
   256 | D:1      | Reached XP level 2. HP: 15/15 MP: 5/5
  1155 | D:2      | Reached XP level 3. HP: 19/19 MP: 6/6
  1170 | D:2      | Learned a level 3 spell: Stone Arrow
  1548 | D:2      | Reached skill level 1 in Conjurations
  1608 | D:2      | Found a broken altar of Ashenzari.
  1626 | D:2      | Reached XP level 4. HP: 21/24 MP: 0/8
  1801 | D:2      | Noticed Jessica
  1868 | D:2      | Killed Jessica
  1869 | D:2      | Reached skill level 5 in Earth Magic
  1869 | D:2      | Reached XP level 5. HP: 28/28 MP: 4/9
  2258 | D:2      | Found a runed translucent door.
  2259 | D:2      | Noticed Crazy Yiuf
  2266 | D:2      | Killed Crazy Yiuf
  2485 | D:2      | Noticed Natasha
  2489 | D:2      | Killed Natasha
  2676 | D:3      | Learned a level 5 spell: Lee's Rapid Deconstruction
  2836 | D:3      | Found a burning altar of Makhleb.
  2836 | D:3      | Found a shimmering altar of Xom.
  2838 | D:3      | Reached XP level 6. HP: 32/32 MP: 9/11
  2941 | D:3      | Found a glowing golden altar of the Shining One.
  3763 | D:4      | Noticed a phantom
  3766 | D:4      | Found a runed translucent door.
  3782 | D:4      | Reached XP level 7. HP: 36/36 MP: 9/13
  3874 | D:4      | Noticed rdx's ghost (amateur DsMo)
  4228 | D:4      | Found a staircase to the Ecumenical Temple.
  4241 | Temple   | Entered the Ecumenical Temple
  4255 | Temple   | Became a worshipper of Vehumet
  4549 | D:4      | Reached skill level 5 in Spellcasting
  4549 | D:4      | Reached XP level 8. HP: 34/41 MP: 0/15
  4553 | D:4      | Reached skill level 5 in Conjurations
  4808 | D:4      | Reached * piety under Vehumet
  4808 | D:4      | Offered knowledge of Freeze by Vehumet.
  5251 | D:5      | Entered Level 5 of the Dungeon
  5350 | D:5      | Found a snail-covered altar of Cheibriados.
  5350 | D:5      | Found a white marble altar of Elyvilon.
  5404 | D:5      | Noticed Blork the orc
  5409 | D:5      | Killed Blork the orc
  5492 | D:5      | Found a transporter.
  5596 | D:5      | Found a one-way gate to the infinite horrors of the Abyss.
  5596 | D:5      | Noticed rlgrobin's ghost (amateur KoDe)
  5616 | D:5      | Noticed a small abomination
  5619 | D:5      | Found a transporter.
  5676 | D:5      | Reached skill level 1 in Fighting
  5676 | D:5      | Reached skill level 1 in Maces & Flails
  5676 | D:5      | Reached skill level 1 in Armour
  5832 | D:5      | Found a bloodstained altar of Trog.
  6044 | D:6      | Reached ** piety under Vehumet
  6192 | D:6      | Offered knowledge of Foxfire by Vehumet.
  6232 | D:6      | Reached XP level 9. HP: 48/48 MP: 17/17
  6406 | D:6      | Found an opulent altar of Gozag.
  6807 | D:6      | Found a glowing silver altar of Zin.
  6990 | D:7      | Offered knowledge of Searing Ray by Vehumet.
  7181 | D:7      | Reached *** piety under Vehumet
  7265 | D:7      | Found a hide-covered altar of Uskayaw.
  8001 | D:8      | Reached skill level 1 in Evocations
  8001 | D:8      | Offered knowledge of Dazzling Flash by Vehumet.
  8669 | D:8      | Noticed a hornet
  8679 | D:8      | Killed a hornet
  8922 | D:9      | Noticed a troll
  8928 | D:9      | Killed a troll
  8929 | D:9      | Reached XP level 10. HP: 56/56 MP: 16/19
  9158 | D:9      | Reached **** piety under Vehumet
  9264 | D:9      | Found a staircase to the Lair.
  9544 | D:9      | Offered knowledge of Static Discharge by Vehumet.
  9607 | D:9      | Found a blossoming altar of Fedhas.
  9884 | D:9      | Reached skill level 5 in Fighting
 10009 | D:9      | Noticed a moth of wrath
 10011 | D:9      | Killed a moth of wrath
 10015 | D:9      | Found a bloodstained altar of Trog.
 10062 | D:9      | Got a bloodstained dagger
 10063 | D:9      | Identified the +8 dagger "Iduefyit" {freeze, Str+4 Int+5}
                  | (You found it on level 9 of the Dungeon)
 10283 | D:9      | Reached skill level 5 in Armour
 10283 | D:9      | Reached XP level 11. HP: 53/63 MP: 21/21
 10519 | D:9      | Found an ornate altar of the Wu Jian Council.
 10541 | D:10     | Entered Level 10 of the Dungeon
 10562 | D:10     | Noticed Gastronok
 10574 | D:10     | Killed Gastronok
 10575 | D:10     | Reached skill level 5 in Maces & Flails
 10575 | D:10     | Reached skill level 10 in Earth Magic
 10984 | D:10     | Noticed Erica
 11004 | D:10     | Killed Erica
 11137 | D:10     | Found Heec's Magic Scroll Shoppe.
 11142 | D:10     | Bought a scroll of identify for 34 gold pieces
 11142 | D:10     | Bought a scroll of identify for 34 gold pieces
 11142 | D:10     | Bought a scroll of identify for 34 gold pieces
 11142 | D:10     | Bought a scroll of identify for 34 gold pieces
 11142 | D:10     | Bought a scroll of teleportation for 51 gold pieces
 11142 | D:10     | Bought a scroll of teleportation for 51 gold pieces
 11142 | D:10     | Bought a scroll of summoning for 161 gold pieces
 11348 | D:10     | Reached ***** piety under Vehumet
 11386 | D:11     | Noticed a boulder beetle
 11531 | D:11     | Killed a boulder beetle
 11535 | D:11     | Noticed a green ugly thing
 11546 | D:11     | Killed a green ugly thing
 11546 | D:11     | Offered knowledge of Starburst by Vehumet.
 11790 | D:11     | Reached skill level 5 in Dodging
 11944 | D:11     | Noticed a seven-headed hydra
 11950 | D:11     | Killed a seven-headed hydra
 11958 | D:11     | Reached XP level 12. HP: 71/71 MP: 23/23
 12050 | D:11     | Noticed a fire dragon
 12054 | D:11     | Noticed a fire dragon
 12061 | D:11     | Noticed an ice dragon
 12061 | D:11     | Noticed an ice dragon
 12062 | D:11     | Found a runed translucent door.
 12064 | D:11     | Found the +2 shield of Resistance {rF++ rC++ Will++}
 12068 | D:11     | Found a runed translucent door.
 12175 | D:11     | Noticed Erolcha
 12179 | D:11     | Killed Erolcha
 12209 | D:11     | Noticed a two-headed ogre
 12215 | D:11     | Killed a two-headed ogre
 12319 | D:11     | Reached skill level 5 in Evocations
 12706 | D:12     | Found Kyfuf's Weapon Shop.
 12949 | D:12     | Noticed a centaur warrior
 12954 | D:12     | Killed a centaur warrior
 13051 | D:12     | Noticed a six-headed hydra
 13065 | D:12     | Killed a six-headed hydra
 13701 | D:12     | Found a staircase to the Orcish Mines.
 13781 | D:12     | Reached XP level 13. HP: 64/78 MP: 25/25
 13980 | D:12     | Learned a level 6 spell: Starburst
 14007 | D:13     | Found a gate leading to a gauntlet.
 14016 | Gauntlet | Entered a Gauntlet
 14016 | Gauntlet | Found a transporter.
 14025 | Gauntlet | Found a transporter.
 14028 | Gauntlet | Found a transporter.
 14029 | Gauntlet | Found a transporter.
 14037 | Gauntlet | Found a transporter.
 14040 | Gauntlet | Found a transporter.
 14041 | Gauntlet | Found a transporter.
 14050 | Gauntlet | Found a transporter.
 14052 | Gauntlet | Found a transporter.
 14053 | Gauntlet | Found a transporter.
 14064 | Gauntlet | Found a transporter.
 14064 | Gauntlet | Found a transporter.
 14065 | Gauntlet | Found a transporter.
 14069 | Gauntlet | Found a runed translucent door.
 14069 | Gauntlet | Found a runed translucent door.
 14073 | Gauntlet | Found a transporter.
 14073 | Gauntlet | Noticed a death ooze
 14292 | Gauntlet | Noticed a spark wasp
 14300 | Gauntlet | Reached skill level 1 in Fire Magic
 14300 | Gauntlet | Killed a spark wasp
 14311 | Gauntlet | Got an encrusted helmet
 14321 | Gauntlet | Identified the +5 helmet of Jyrueta {rN+ MP-9 Slay+6} (You
                  | found it in a Gauntlet)
 14531 | Gauntlet | Noticed a minotaur
 14535 | Gauntlet | Killed a minotaur
 14601 | D:13     | Offered knowledge of Orb of Destruction by Vehumet.
 14648 | D:12     | Learned a level 7 spell: Orb of Destruction
 15146 | D:13     | Reached skill level 10 in Conjurations
 16872 | D:14     | Found a gate to the Vaults.
 17102 | D:14     | Gained mutation: Your large and strong wings let you fly
                  | indefinitely. [Gargoyle growth]
 17102 | D:14     | Reached XP level 14. HP: 84/84 MP: 21/27
 17347 | D:14     | Noticed Kirke
 17364 | D:14     | Reached skill level 5 in Fire Magic
 17364 | D:14     | Killed Kirke
 17715 | Lair:1   | Entered Level 1 of the Lair of Beasts
 18115 | Lair:1   | Got a sparkling lapis lazuli ring
 18116 | Lair:1   | Identified the ring "Woxt" {rPois Str+2 Int+6} (You found
                  | it on level 1 of the Lair of Beasts)
 19029 | Lair:2   | Reached ****** piety under Vehumet
 20015 | Lair:3   | Found a staircase to the Snake Pit.
 20503 | Lair:3   | Found a staircase to the Shoals.
 20698 | Lair:3   | Offered knowledge of Bolt of Magma by Vehumet.
 21007 | Lair:4   | Noticed Nessos
 21022 | Lair:4   | Killed Nessos
 21231 | Lair:4   | Noticed Josephine
 21237 | Lair:4   | Killed Josephine
 21323 | Lair:4   | Reached XP level 15. HP: 90/90 MP: 28/28
 21706 | Lair:5   | Learned a level 5 spell: Bolt of Magma
 22212 | Lair:5   | Identified the +1 robe of Luanees {rPois rN+ Int+3} (You
                  | found it on level 5 of the Lair of Beasts)
 22367 | Lair:5   | Reached skill level 10 in Fire Magic
 23044 | Lair:6   | Entered Level 6 of the Lair of Beasts
 23094 | Lair:6   | Found a dark tunnel.
 23104 | Volcano  | Entered a volcano
 23186 | Volcano  | Paralysed by a wizard for 3 turns
 24023 | Lair:6   | Found a staircase to the Slime Pits.
 24508 | Lair:6   | Learned a level 2 spell: Passwall
 24537 | Lair:6   | Learned a level 8 spell: Ignition
 25144 | Lair:6   | Offered knowledge of Irradiate by Vehumet.
 25159 | Lair:6   | Learned a level 5 spell: Irradiate
 25469 | Orc:1    | Entered Level 1 of the Orcish Mines
 25948 | Orc:1    | Found a roughly hewn altar of Beogh.
 26157 | Orc:2    | Entered Level 2 of the Orcish Mines
 26179 | Orc:1    | Reached XP level 16. HP: 45/96 MP: 29/29
 26381 | Orc:1    | Found a roughly hewn altar of Beogh.
 26498 | Orc:2    | Offered knowledge of Iskenderun's Battlesphere by Vehumet.
 27016 | Orc:2    | Found a staircase to the Elven Halls.
 27205 | Orc:2    | Found Suyl's Jewellery Shop.
 27205 | Orc:2    | Found Zeus's Armour Shoppe.
 27208 | Orc:2    | Found Wisafuarch's Assorted Antiques.
 27208 | Orc:2    | Found Rapaa's Distillery.
 27226 | Orc:2    | Bought a potion of ambrosia for 88 gold pieces
 27226 | Orc:2    | Bought a potion of haste for 110 gold pieces
 27226 | Orc:2    | Bought 2 potions of heal wounds for 110 gold pieces
 27226 | Orc:2    | Bought a potion of heal wounds for 55 gold pieces
 27226 | Orc:2    | Bought a potion of mutation for 88 gold pieces
 27226 | Orc:2    | Bought a potion of brilliance for 44 gold pieces
 27226 | Orc:2    | Bought a potion of ambrosia for 88 gold pieces
 27226 | Orc:2    | Bought a potion of heal wounds for 55 gold pieces
 27226 | Orc:2    | Bought a potion of cancellation for 88 gold pieces
 27227 | Orc:2    | Bought a pair of encrusted boots for 370 gold pieces
 27227 | Orc:2    | Bought a scroll of enchant armour for 292 gold pieces
 27227 | Orc:2    | Bought a potion of haste for 390 gold pieces
 27227 | Orc:2    | Bought a scroll of blinking for 292 gold pieces
 27227 | Orc:2    | Identified the cursed +0 pair of boots of Parlour Games
                  | {Str+2} (You bought it in a shop on level 2 of the Orcish
                  | Mines)
 27255 | Orc:2    | Gained mutation: You do not regenerate when monsters are
                  | visible. [potion of mutation]
 27255 | Orc:2    | Gained mutation: Your spells are a little harder to cast,
                  | but a little more powerful. [potion of mutation]
 27513 | D:15     | Entered Level 15 of the Dungeon
 27527 | D:15     | Reached skill level 15 in Fire Magic
 27742 | D:15     | Offered knowledge of Fireball by Vehumet.
 28483 | D:15     | Found a staircase to the Depths.
 28878 | Snake:1  | Entered Level 1 of the Snake Pit
 29306 | Snake:1  | Noticed Aizul
 29320 | Snake:1  | Killed Aizul
 29419 | Snake:1  | Reached skill level 10 in Spellcasting
 29614 | Snake:1  | Reached skill level 10 in Fighting
 29692 | Snake:1  | Reached XP level 17. HP: 60/102 MP: 28/31
 30835 | Snake:2  | Found Tofamuet's Antique Weapon Emporium.
 30835 | Snake:2  | Found Laiz's Jewellery Shoppe.
 30837 | Snake:2  | Offered knowledge of Lehudib's Crystal Spear by Vehumet.
 32045 | Snake:3  | Found Nioruymawof's Jewellery Shoppe.
 32047 | Snake:3  | Found Marim's Gadget Boutique.
 32048 | Snake:3  | Found Okkuidel's Jewellery Shoppe.
 32861 | Snake:4  | Entered Level 4 of the Snake Pit
 32865 | Snake:4  | Offered knowledge of Fire Storm by Vehumet.
 32865 | Snake:4  | Offered knowledge of Chain Lightning by Vehumet.
 32865 | Snake:4  | Offered knowledge of Absolute Zero by Vehumet.
 33063 | Shoals:1 | Entered Level 1 of the Shoals
 33394 | Shoals:1 | Noticed Roxanne
 33399 | Shoals:1 | Killed Roxanne
 33435 | Shoals:1 | Learned a level 6 spell: Iron Shot
 33718 | Shoals:1 | Identified the cursed +0 pair of boots of the Dice {Will+
                  | Int+2} (You found it on level 1 of the Shoals)
 33802 | Shoals:1 | Reached XP level 18. HP: 62/108 MP: 32/32
 34754 | Shoals:2 | Reached skill level 10 in Maces & Flails
 35617 | Shoals:3 | Found a radiant altar of Vehumet.
 35794 | Shoals:3 | Reached skill level 15 in Earth Magic
 36435 | Shoals:3 | Noticed Polyphemus
 36444 | Shoals:3 | Killed Polyphemus
 37043 | Shoals:4 | Entered Level 4 of the Shoals
 37177 | Shoals:4 | Found a gateway to a bazaar.
 37588 | Shoals:4 | Got an ancient marble ring
 37589 | Shoals:4 | Identified the ring of Nainiobbeqe {Wiz Str+9} (You found
                  | it on level 4 of the Shoals)
 37948 | Shoals:4 | Noticed Louise
 37975 | Shoals:4 | Reached XP level 19. HP: 38/115 MP: 34/34
 37976 | Shoals:4 | Killed Louise
 37981 | Shoals:4 | Got a barnacled rune of Zot
 38152 | Shoals:4 | Identified the +0 leather armour "Omioshrurre" {rC+++ rCorr
                  | MP-9 Dex+4} (You found it on level 4 of the Shoals)
 38847 | Snake:4  | Noticed Nikola
 38862 | Snake:4  | Killed Nikola
 41022 | Snake:4  | Noticed Asterion
 41023 | Snake:4  | Reached skill level 10 in Evocations
 41033 | Snake:4  | Killed Asterion
 41932 | Snake:4  | Reached XP level 20. HP: 91/122 MP: 16/35
 42028 | Snake:4  | Got a serpentine rune of Zot
 42401 | Elf:1    | Entered Level 1 of the Elven Halls
 43228 | Elf:1    | Identified a scroll of acquirement
 43228 | Elf:1    | Acquired 1099 gold pieces
 43661 | Bazaar   | Entered a bazaar
 43662 | Bazaar   | Found Onutwuamix's Assorted Antiques.
 43662 | Bazaar   | Found Noejuh's Weapon Boutique.
 43664 | Bazaar   | Found Xoaf's Gadget Emporium.
 43667 | Bazaar   | Found Louha's Jewellery Boutique.
 43689 | Bazaar   | Found Abynenga's Book Boutique.
 43698 | Bazaar   | Bought 2 coppery potions for 48 gold pieces
 43698 | Bazaar   | Bought a scroll of identify for 54 gold pieces
 43702 | Bazaar   | Found Nysmagele's Assorted Antiques.
 43740 | Bazaar   | Bought a potion of magic for 160 gold pieces
 43740 | Bazaar   | Bought a scroll of acquirement for 1040 gold pieces
 43740 | Bazaar   | Acquired 1129 gold pieces
 43993 | Snake:3  | Bought the ring of Phasing {EV+8} for 1664 gold pieces
 43993 | Snake:3  | Found the ring of Phasing {EV+8}
 44405 | Elf:2    | Reached skill level 10 in Dodging
 44692 | Elf:2    | Identified the +5 quarterstaff of Annoyance {protect,
                  | rPois}
 44700 | Elf:2    | Identified the +0 cloak of the Endless Expanse {rPois
                  | Int+2} (You found it on level 2 of the Elven Halls)
 44920 | Elf:2    | Found a runed translucent gate.
 44920 | Elf:2    | Found a runed translucent gate.
 44924 | Elf:2    | Found a runed translucent gate.
 45046 | Elf:3    | Entered Level 3 of the Elven Halls
 45508 | Elf:3    | Noticed a Brimstone Fiend
 45642 | Elf:3    | Identified the +1 great sword "Doucrom" {vorpal, +Fly rC+
                  | Str-2 Dex+2}
 45643 | Elf:3    | Identified the +8 great mace of Beazoix {elec, rC+ Stlth+}
 45655 | Elf:3    | Reached XP level 21. HP: 126/128 MP: 6/37
 45811 | Elf:3    | Found the +3 salamander hide armour {Flames rF++ rC--}
 45816 | Elf:3    | Identified the Disquisition on Ashen Conjuration
 45829 | Elf:3    | Identified the +4 pair of gloves "Jaoh Pec" {Harm rCorr
                  | Str-5 Int+2 Slay+3} (You found it on level 3 of the Elven
                  | Halls)
 45896 | Elf:3    | Identified the Reference Book on the Floating Mountains
 45900 | Elf:3    | Identified the +0 pair of boots "Eloheb" {Rampage *Slow
                  | Regen+ Slay+2} (You found it on level 3 of the Elven Halls)
 46010 | Elf:3    | Got a transparent jade ring
 46011 | Elf:3    | Identified the ring of Gluttony {Int+5 Dex+4 Stlth+} (You
                  | found it on level 3 of the Elven Halls)
 46029 | Elf:3    | Acquired 608 gold pieces
 46897 | Vaults:1 | Entered Level 1 of the Vaults
 46910 | Vaults:1 | Learned a level 9 spell: Shatter
 47179 | D:4      | Killed rdx's ghost
 47409 | D:5      | Killed rlgrobin's ghost
 48094 | Vaults:1 | Reached skill level 1 in Shields
 48398 | Vaults:1 | Found Uteiph's Assorted Antiques.
 50220 | Vaults:2 | Found a sacrificial altar of Ru.
 50328 | Vaults:2 | Identified the +2 leather armour "Abokkin" {rPois rF+
                  | Regen+}
 50328 | Vaults:2 | Noticed Mennas
 50358 | Vaults:2 | Killed Mennas
 50359 | Vaults:2 | Reached XP level 22. HP: 36/136 MP: 33/38
 50617 | Vaults:2 | Identified the cursed +1 leather armour "Plog" {rN+}
 50966 | Vaults:2 | You are sucked into a shaft and drop 1 floor!
 51654 | Vaults:2 | Reached skill level 5 in Shields
 51950 | Vaults:3 | Found a staircase to the Crypt.
 53928 | Vaults:4 | Noticed Sojobo
 53932 | Vaults:4 | Killed Sojobo
 53933 | Vaults:4 | Reached skill level 15 in Conjurations
 53933 | Vaults:4 | Reached XP level 23. HP: 94/142 MP: 40/40
 54690 | Vaults:4 | Noticed Saint Roka
 54697 | Vaults:4 | Killed Saint Roka
 55355 | Vaults:5 | Entered Level 5 of the Vaults
 55590 | Vaults:5 | Noticed an ancient lich
 55590 | Vaults:5 | Identified the cursed +0 battleaxe "Utud" {elec, rPois rC+
                  | Int-2 Dex+4}
 55790 | Vaults:5 | Killed an ancient lich
 55791 | Vaults:5 | Reached XP level 24. HP: 149/149 MP: 40/40
 55798 | Vaults:5 | Reached skill level 15 in Fighting
 55818 | Vaults:5 | Noticed an ancient lich
 55820 | Vaults:5 | Killed an ancient lich
 56034 | Vaults:5 | Identified the ring of Royalty {rF+ rC+ Will+ Str+6 Dex-4}
 56037 | Vaults:5 | Noticed an ancient lich
 56039 | Vaults:5 | Killed an ancient lich
 56639 | Vaults:5 | Found Bomoj's Antique Armour Emporium.
 56947 | Vaults:5 | Got a silver rune of Zot
 57289 | Vaults:5 | Identified the +1 leather armour of Elitism {-Tele rElec
                  | rPois} (You found it on level 5 of the Vaults)
 57521 | Vaults:5 | Learned a level 9 spell: Fire Storm
 57585 | Crypt:1  | Entered Level 1 of the Crypt
 57630 | Crypt:1  | Found a basalt altar of Yredelemnul.
 57633 | Crypt:1  | Reached XP level 25. HP: 148/156 MP: 15/41
 57656 | Crypt:1  | Reached skill level 10 in Shields
 58272 | Crypt:1  | Found a runed translucent door.
 58273 | Crypt:1  | Noticed Asajosug's ghost (legendary GrBe)
 58467 | Crypt:1  | Killed Asajosug's ghost
 59879 | Crypt:2  | Gained mutation: Your body sometimes deteriorates upon
                  | taking damage. [mutagenic glow]
 60007 | Crypt:2  | Lost mutation: Your body sometimes deteriorates upon taking
                  | damage. [potion of mutation]
 60007 | Crypt:2  | Lost mutation: Your spells are a little harder to cast, but
                  | a little more powerful. [potion of mutation]
 60007 | Crypt:2  | Gained mutation: You are partially covered in rugged brown
                  | scales. (AC +1, +3% HP) [potion of mutation]
 60007 | Crypt:2  | Gained mutation: You are robust. (+10% HP) [potion of
                  | mutation]
 60007 | Crypt:2  | Gained mutation: You are agile. (Dex +2) [potion of
                  | mutation]
 60007 | Crypt:2  | Gained mutation: You have supernaturally acute eyesight.
                  | (SInv) [potion of mutation]
 60044 | Crypt:2  | Reached skill level 15 in Maces & Flails
 60641 | Crypt:3  | Entered Level 3 of the Crypt
 61006 | Crypt:3  | Found the +12 Vampire's Tooth {vamp}
 61280 | Crypt:3  | Found the ring of the Octopus King
 61321 | Crypt:3  | Identified Buxzaz's Volume of Flamy Air
 61326 | Crypt:3  | Got a ring of the Octopus King
 61327 | Crypt:3  | Identified a ring of the Octopus King {AC+1 EV+1 Str+1
                  | Int+1 Dex+1 SInv} (You found it on level 3 of the Crypt)
 61330 | Crypt:3  | Got an ancient pewter amulet
 61331 | Crypt:3  | Identified the amulet "Asoq" {Faith Str+2} (You found it on
                  | level 3 of the Crypt)
 61648 | Crypt:3  | Got a translucent glass ring
 61648 | Crypt:3  | Got a slimy turquoise ring
 61648 | Crypt:3  | Got a scintillating gossamer ring
 61660 | Crypt:3  | Identified the ring of Yredelemnul's Grace {rN+ Will+
                  | Int+3} (You found it on level 3 of the Crypt)
 61662 | Crypt:3  | Identified the ring of Ameotzow {rF+ rN+ SInv} (You found
                  | it on level 3 of the Crypt)
 61664 | Crypt:3  | Identified the ring "Vosad" {rF+ rN+ Str+3 Int-4} (You
                  | found it on level 3 of the Crypt)
 61779 | Crypt:3  | Reached XP level 26. HP: 173/185 MP: 41/41
 61798 | Crypt:3  | Reached skill level 15 in Spellcasting
 61800 | Crypt:3  | Found a staircase to the Tomb.
 61801 | Crypt:3  | Noticed a royal mummy
 61807 | Crypt:3  | Killed a royal mummy
 62042 | Crypt:3  | Found a basalt altar of Yredelemnul.
 63376 | Depths:1 | Entered Level 1 of the Depths
 63743 | Depths:1 | Identified Sif Muna's Guide on Fetching Feathers
 63767 | Depths:1 | Found a runed translucent door.
 63767 | Depths:1 | Found a runed translucent door.
 63768 | Depths:1 | Found a runed translucent door.
 63844 | Depths:1 | Found a gateway to a ziggurat.
 63949 | Depths:1 | Found a one-way gate leading to the halls of Pandemonium.
 64087 | Depths:1 | Paralysed by a floating eye for 3 turns
 64280 | Depths:1 | Found a gateway to Hell.
 64618 | Depths:1 | Acquired 1128 gold pieces
 64622 | Depths:1 | Acquired 743 gold pieces
 64623 | Depths:1 | Acquired 1141 gold pieces
 66471 | Depths:3 | Reached XP level 27. HP: 193/193 MP: 39/42
 66997 | Depths:3 | Got an ancient turquoise ring
 66998 | Depths:3 | Identified the ring "Beoch" {rF+ Str+4 Slay+2} (You found
                  | it on level 3 of the Depths)
 67270 | Depths:3 | Found the amulet of Vitality {Regen+ HP+15}
 67277 | Depths:3 | Identified the Handbook of Mutagenic Intoxication
 67672 | Depths:4 | Noticed Boris
 67680 | Depths:4 | Killed Boris
 69026 | Depths:5 | Entered Level 5 of the Depths
 69092 | Depths:5 | Found a magical portal.
 69094 | Depths:5 | Noticed Jory
 69105 | Depths:5 | Killed Jory
 69180 | WizLab   | Entered The Roulette of Golubria
 69180 | WizLab   | Found a transporter.
 69251 | WizLab   | Found a corrupted altar of Lugonu.
 69252 | WizLab   | Found a transporter.
 69252 | WizLab   | Found a transporter.
 69265 | WizLab   | Found the +2 cloak of the Thief {*Fog Slay-2 SInv Stlth+}
 69279 | WizLab   | Identified the cursed -3 cloak of Context {Will+} (You
                  | found it in a wizard's laboratory)
 69283 | WizLab   | Found a transporter.
 69289 | WizLab   | Identified the Catalogue of Displacement
 69421 | WizLab   | Found a transporter.
 69460 | WizLab   | Found a transporter.
 69460 | WizLab   | Found a transporter.
 69621 | WizLab   | Found a transporter.
 69629 | WizLab   | Found a transporter.
 69677 | WizLab   | Found a corrupted altar of Lugonu.
 69693 | WizLab   | Found a transporter.
 69789 | WizLab   | Found a transporter.
 69898 | WizLab   | Found a transporter.
 69900 | WizLab   | Found a transporter.
 70118 | WizLab   | Found a transporter.
 70128 | WizLab   | Found a transporter.
 70255 | WizLab   | Found a corrupted altar of Lugonu.
 70264 | WizLab   | Found a transporter.
 70449 | WizLab   | Found a transporter.
 70466 | WizLab   | Found a transporter.
 70606 | WizLab   | Found a transporter.
 70609 | WizLab   | Found a transporter.
 70817 | Depths:5 | Noticed the Enchantress
 70819 | Depths:5 | Killed the Enchantress
 71127 | Depths:5 | Found a gate to the Realm of Zot.
 71623 | Depths:5 | Learned a level 8 spell: Necromutation
 71739 | Zig:1    | Entered Level 1 of a ziggurat
 71765 | Zig:2    | Entered Level 2 of a ziggurat
 71771 | Zig:2    | Reached skill level 1 in Necromancy
 71771 | Zig:2    | Reached skill level 1 in Transmutations
 71791 | Zig:3    | Entered Level 3 of a ziggurat
 71816 | Zig:4    | Entered Level 4 of a ziggurat
 71881 | Zig:5    | Entered Level 5 of a ziggurat
 71888 | Zig:5    | Found the +3 warlock's mirror {reflect}
 72015 | Zig:5    | Identified the +8 great mace "Uqowinin" {freeze, rN+} (You
                  | found it on level 5 of a ziggurat)
 72025 | Zig:6    | Entered Level 6 of a ziggurat
 72030 | Zig:6    | Found the +15 Maxwell's patent armour {-Cast -Tele rElec
                  | Will+ rCorr}
 72176 | Zig:7    | Entered Level 7 of a ziggurat
 72198 | Zig:7    | Identified the Collected Works on Warped Companions
 72222 | Zig:8    | Entered Level 8 of a ziggurat
 72230 | Zig:8    | Reached skill level 5 in Necromancy
 72230 | Zig:8    | Reached skill level 5 in Transmutations
 72284 | Zig:8    | Identified the Volume of Nocuous Translocation
 72293 | Zig:9    | Entered Level 9 of a ziggurat
 72327 | Zig:9    | Got a fine platinum ring
 72328 | Zig:9    | Identified the ring of Music {Int+3 Dex+6} (You found it on
                  | level 9 of a ziggurat)
 72344 | Zig:10   | Entered Level 10 of a ziggurat
 72475 | Zig:11   | Entered Level 11 of a ziggurat
 72540 | Zig:11   | Got a faintly glowing platinum ring
 72541 | Zig:11   | Identified the ring "Ruxzekhlu" {rCorr Str+6} (You found it
                  | on level 11 of a ziggurat)
 72549 | Zig:12   | Entered Level 12 of a ziggurat
 72591 | Zig:12   | Identified the +4 helmet of Gitu {MP+9} (You found it on
                  | level 12 of a ziggurat)
 72602 | Zig:12   | Identified Moapt's Reference Book on Flying Enchantment
 72612 | Zig:12   | Got a fine iron ring
 72613 | Zig:12   | Identified the ring of Fimun {Fire Int+2 Dex+3} (You found
                  | it on level 12 of a ziggurat)
 72623 | Zig:13   | Entered Level 13 of a ziggurat
 72627 | Zig:13   | Noticed a royal mummy
 72630 | Zig:13   | Killed a royal mummy
 72632 | Zig:13   | Noticed a royal mummy
 72633 | Zig:13   | Killed a royal mummy
 72639 | Zig:13   | Noticed a royal mummy
 72640 | Zig:13   | Killed a royal mummy
 72822 | Zig:13   | Identified the +3 leather armour "Ceprak" {Str+3 Dex+8
                  | Stlth-} (You found it on level 13 of a ziggurat)
 72824 | Zig:13   | Identified the Volume of Intoxication and the Compass
 72831 | Zig:14   | Entered Level 14 of a ziggurat
 72949 | Zig:14   | Found the brooch of Shielding {Spirit SH+8}
 72962 | Zig:14   | Reached skill level 10 in Necromancy
 72968 | Zig:14   | Identified the Handbook of Envenoming and Air
 72979 | Zig:15   | Entered Level 15 of a ziggurat
 73000 | Zig:15   | Reached skill level 10 in Transmutations
 73108 | Zig:15   | Identified the Catalogue of Cloudy Hexes
 73137 | Zig:15   | Identified the cursed +1 steam dragon scales of Unambiguity
                  | {Will+ Str+4 Dex-5} (You found it on level 15 of a
                  | ziggurat)
 73139 | Zig:16   | Entered Level 16 of a ziggurat
 73188 | Zig:16   | Got a slimy lead ring
 73189 | Zig:16   | Identified the ring of Giarch {Ice Will+ Dex-4 Stlth+} (You
                  | found it on level 16 of a ziggurat)
 73199 | Zig:16   | Got a vibrating ivory ring
 73200 | Zig:16   | Identified the ring "Edeastrae" {+Blink rF+ EV+4 Dex-3
                  | SInv} (You found it on level 16 of a ziggurat)
 73258 | Zig:17   | Entered Level 17 of a ziggurat
 73274 | Zig:17   | Noticed Qasu the pandemonium lord
 73279 | Zig:17   | Killed Qasu the pandemonium lord
 73389 | Zig:17   | Found the +7 Singing Sword {vorpal, sonic wave}
 73411 | Zig:17   | Identified the +1 leather armour of Tulips {-Cast Harm
                  | rCorr} (You found it on level 17 of a ziggurat)
 73425 | Zig:17   | Got a brightly glowing copper amulet
 73426 | Zig:17   | Identified the amulet "Zuka" {Spirit Will+ Str+4 Stlth+}
                  | (You found it on level 17 of a ziggurat)
 73429 | Zig:18   | Entered Level 18 of a ziggurat
 73442 | Zig:18   | Noticed an ancient lich
 73443 | Zig:18   | Reached skill level 15 in Necromancy
 73443 | Zig:18   | Killed an ancient lich
 73443 | Zig:18   | Noticed an ancient lich
 73448 | Zig:18   | Killed an ancient lich
 73472 | Zig:18   | Identified the +3 leather armour of Sixtoyz {-Tele rPois
                  | Regen+ Dex+6} (You found it on level 18 of a ziggurat)
 73485 | Zig:18   | Got a clouded jade ring
 73486 | Zig:18   | Identified the ring of the Salamander {rN+ Int+2} (You
                  | found it on level 18 of a ziggurat)
 73494 | Zig:18   | Identified Sif Muna's Incunabulum of Ashen Lightness
 73600 | Zig:19   | Entered Level 19 of a ziggurat
 73623 | Zig:19   | Found the +0 glaive of the Guard {elec, spectral, AC+5}
 73692 | Zig:20   | Entered Level 20 of a ziggurat
 73707 | Zig:20   | Reached skill level 15 in Dodging
 73713 | Zig:20   | Found the +5 scythe "Finisher" {speed, eviscerate}
 73735 | Zig:20   | Identified the Papyrus of the Destructive Glacier
 73740 | Zig:20   | Got a clouded steel ring
 73741 | Zig:20   | Identified the ring "Dael" {rElec rPois Int+6} (You found
                  | it on level 20 of a ziggurat)
 73756 | Zig:20   | Got an ancient tin ring
 73759 | Zig:20   | Identified the ring "Jikobi" {rElec SInv} (You found it on
                  | level 20 of a ziggurat)
 73772 | Zig:21   | Entered Level 21 of a ziggurat
 73819 | Zig:21   | Identified the +10 quarterstaff of Gloom {vorpal, +Blink
                  | Int-3 Stlth+} (You found it on level 21 of a ziggurat)
 73834 | Zig:21   | Got a faintly glowing jade amulet
 73835 | Zig:21   | Identified the amulet of Amuar {RegenMP rPois Str+9} (You
                  | found it on level 21 of a ziggurat)
 73848 | Zig:21   | Identified the Catalogue of Ashen Necromancy
 73857 | Zig:21   | Identified the cursed quicksilver dragon scales "Ehosypsu"
                  | {rElec Will+ Int+2} (You found it on level 21 of a
                  | ziggurat)
 73862 | Zig:22   | Entered Level 22 of a ziggurat
 73872 | Zig:22   | Noticed a juggernaut
 73876 | Zig:22   | Killed a juggernaut
 73876 | Zig:22   | Noticed a juggernaut
 73878 | Zig:22   | Killed a juggernaut
 73879 | Zig:22   | Noticed a juggernaut
 73882 | Zig:22   | Killed a juggernaut
 73904 | Zig:22   | Identified the Catalogue of the Shifting Entourage
 73907 | Zig:22   | Got a transparent amber ring
 73908 | Zig:22   | Identified the ring of Qeeq {Fire Str-4 Int+5 SInv} (You
                  | found it on level 22 of a ziggurat)
 73973 | Zig:23   | Entered Level 23 of a ziggurat
 74026 | Zig:23   | Found the +7 great mace "Firestarter" {inner flame, rF++}
 74051 | Zig:23   | Identified the Guide on Ice
 74054 | Zig:23   | Identified the +0 robe of the Poles {Str+3 Dex+2} (You
                  | found it on level 23 of a ziggurat)
 74064 | Zig:23   | Got a flickering iron ring
 74066 | Zig:23   | Identified the ring of Iribaadd {*Tele Will+ Int+6} (You
                  | found it on level 23 of a ziggurat)
 74079 | Zig:23   | Identified the +2 leather armour "Ximosof" {*Corrode rC+
                  | Str+4} (You found it on level 23 of a ziggurat)
 74093 | Zig:24   | Entered Level 24 of a ziggurat
 74102 | Zig:24   | Noticed an ancient lich
 74104 | Zig:24   | Noticed an ancient lich
 74106 | Zig:24   | Noticed an ancient lich
 74107 | Zig:24   | Killed an ancient lich
 74108 | Zig:24   | Killed an ancient lich
 74108 | Zig:24   | Killed an ancient lich
 74208 | Zig:24   | Found the +4 dagger "Morg" {pain, Will+ Int+5}
 74208 | Zig:24   | Found the +7 Spriggan's Knife {stab, EV+4 Stlth+}
 74240 | Zig:24   | Identified The Last Volume of the Deep Elf Lorekeeper
 74247 | Zig:24   | Identified Ripef's Tome of Earthen Summoning
 74250 | Zig:24   | Identified the amulet of Viapn {Will+ Regen+ Int+2 Stlth+}
                  | (You found it on level 24 of a ziggurat)
 74253 | Zig:25   | Entered Level 25 of a ziggurat
 74260 | Zig:25   | Noticed a royal mummy
 74262 | Zig:25   | Noticed a royal mummy
 74262 | Zig:25   | Noticed a royal mummy
 74262 | Zig:25   | Noticed a royal mummy
 74262 | Zig:25   | Noticed a royal mummy
 74262 | Zig:25   | Noticed a royal mummy
 74262 | Zig:25   | Noticed a royal mummy
 74262 | Zig:25   | Noticed a royal mummy
 74262 | Zig:25   | Noticed a royal mummy
 74262 | Zig:25   | Noticed a royal mummy
 74262 | Zig:25   | Noticed a royal mummy
 74262 | Zig:25   | Noticed a royal mummy
 74262 | Zig:25   | Noticed a royal mummy
 74262 | Zig:25   | Noticed a royal mummy
 74263 | Zig:25   | Killed a royal mummy
 74263 | Zig:25   | Killed a royal mummy
 74263 | Zig:25   | Killed a royal mummy
 74263 | Zig:25   | Killed a royal mummy
 74263 | Zig:25   | Killed a royal mummy
 74263 | Zig:25   | Noticed a royal mummy
 74263 | Zig:25   | Noticed a royal mummy
 74264 | Zig:25   | Noticed a royal mummy
 74264 | Zig:25   | Noticed a royal mummy
 74266 | Zig:25   | Killed a royal mummy
 74266 | Zig:25   | Killed a royal mummy
 74266 | Zig:25   | Killed a royal mummy
 74269 | Zig:25   | Killed a royal mummy
 74269 | Zig:25   | Killed a royal mummy
 74269 | Zig:25   | Killed a royal mummy
 74269 | Zig:25   | Noticed a royal mummy
 74270 | Zig:25   | Killed a royal mummy
 74270 | Zig:25   | Killed a royal mummy
 74270 | Zig:25   | Killed a royal mummy
 74271 | Zig:25   | Killed a royal mummy
 74272 | Zig:25   | Killed a royal mummy
 74272 | Zig:25   | Killed a royal mummy
 74272 | Zig:25   | Killed a royal mummy
 74273 | Zig:25   | Killed a royal mummy
 74273 | Zig:25   | Noticed a royal mummy
 74276 | Zig:25   | Noticed a royal mummy
 74277 | Zig:25   | Killed a royal mummy
 74279 | Zig:25   | Killed a royal mummy
 74305 | Zig:25   | Identified the cursed +0 helmet "Mepuedih" {*Slow Int+3}
                  | (You found it on level 25 of a ziggurat)
 74332 | Zig:25   | Identified the Reference Book on Conjuration and Execration
 74339 | Zig:25   | Identified the amulet of Gatzipo {RegenMP Int+4} (You found
                  | it on level 25 of a ziggurat)
 74347 | Zig:25   | Identified Sif Muna's Grimoire of Twisted Earth
 74429 | Zig:26   | Entered Level 26 of a ziggurat
 74482 | Zig:26   | Found the +2 Maxwell's thermic engine {flame, freeze}
 74484 | Zig:26   | Found the macabre finger necklace {rN+}
 74557 | Zig:26   | Identified the +2 quarterstaff of Siecw {protect, Will+
                  | Str+4} (You found it on level 26 of a ziggurat)
 74566 | Zig:26   | Identified the cursed +0 cloak of Rigichis {Dex+3} (You
                  | found it on level 26 of a ziggurat)
 74583 | Zig:27   | Entered Level 27 of a ziggurat
 74731 | Zig:27   | Got a slimy bronze amulet
 74733 | Zig:27   | Identified Feifas's Tome of Air and Toxins
 75092 | Slime:1  | Entered Level 1 of the Pits of Slime
 75252 | Slime:5  | Entered Level 5 of the Pits of Slime
 75271 | Slime:5  | Noticed the Royal Jelly
 75278 | Slime:5  | Killed the Royal Jelly
 75511 | Slime:5  | Got a slimy rune of Zot
 75578 | Slime:5  | Got a bound diamond amulet
 75593 | Slime:5  | Identified the amulet "Noiq Caf" {Reflect rElec rF+ Will-
                  | Int+9 SH+5} (You found it on level 5 of the Pits of Slime)
 75594 | Slime:5  | Identified the amulet of the Devil's Advocate {Reflect +Fly
                  | rElec SH+5} (You found it on level 27 of a ziggurat)
 75924 | Zig:1    | Entered Level 1 of a ziggurat
 76067 | Zig:1    | Learned a level 9 spell: Absolute Zero
 76078 | Zig:1    | Learned a level 9 spell: Death's Door
 76094 | Zig:2    | Entered Level 2 of a ziggurat
 76101 | Zig:2    | Reached skill level 1 in Ice Magic
 76108 | Zig:2    | Got a wavering ruby amulet
 76118 | Zig:3    | Entered Level 3 of a ziggurat
 76144 | Zig:4    | Entered Level 4 of a ziggurat
 76279 | Zig:5    | Entered Level 5 of a ziggurat
 76285 | Zig:5    | Reached skill level 27 in Fighting
 76343 | Zig:6    | Entered Level 6 of a ziggurat
 76394 | Zig:6    | Got a smoking eveningstar
 76395 | Zig:6    | Identified the +11 eveningstar of Eryty Tap {venom,
                  | *Corrode Str+7 Dex+5} (You found it on level 6 of a
                  | ziggurat)
 76400 | Zig:7    | Entered Level 7 of a ziggurat
 76407 | Zig:7    | Reached skill level 5 in Ice Magic
 76429 | Zig:8    | Entered Level 8 of a ziggurat
 76434 | Zig:8    | Noticed a royal mummy
 76437 | Zig:8    | Killed a royal mummy
 76437 | Zig:8    | Noticed a royal mummy
 76444 | Zig:8    | Killed a royal mummy
 76470 | Zig:8    | Identified the amulet "Hunach" {Inacc *Drain +Blink rF+
                  | Str+2 Dex+4} (You found it on level 2 of a ziggurat)
 76525 | Zig:9    | Entered Level 9 of a ziggurat
 76661 | Zig:9    | Identified the Incunabulum of the Floating Escort
 76672 | Zig:10   | Entered Level 10 of a ziggurat
 76680 | Zig:10   | Noticed a royal mummy
 76680 | Zig:10   | Noticed a royal mummy
 76682 | Zig:10   | Killed a royal mummy
 76683 | Zig:10   | Noticed a royal mummy
 76684 | Zig:10   | Killed a royal mummy
 76686 | Zig:10   | Killed a royal mummy
 76768 | Zig:10   | Identified the Volume of Gliding Envenoming
 76795 | Zig:10   | Got a twitching bronze ring
 76798 | Zig:11   | Entered Level 11 of a ziggurat
 76883 | Zig:11   | Got a twitching brass ring
 76889 | Zig:12   | Entered Level 12 of a ziggurat
 76898 | Zig:12   | Reached skill level 10 in Ice Magic
 76924 | Zig:12   | Found the +4 moon troll leather armour {Spirit, Regen++
                  | MP+5}
 77014 | Zig:12   | Identified the Volume of Earth and Conjuration
 77024 | Zig:13   | Entered Level 13 of a ziggurat
 77083 | Zig:13   | Identified the ring of Abstinence {+Fly rCorr} (You found
                  | it on level 10 of a ziggurat)
 77085 | Zig:13   | Identified the ring "Fafidae" {+Fly rElec rN+ Will+} (You
                  | found it on level 11 of a ziggurat)
 77107 | Zig:14   | Entered Level 14 of a ziggurat
 77196 | Zig:15   | Entered Level 15 of a ziggurat
 77202 | Zig:15   | Noticed an ancient lich
 77206 | Zig:15   | Killed an ancient lich
 77207 | Zig:15   | Noticed an ancient lich
 77208 | Zig:15   | Noticed an ancient lich
 77209 | Zig:15   | Noticed an ancient lich
 77210 | Zig:15   | Killed an ancient lich
 77211 | Zig:15   | Killed an ancient lich
 77212 | Zig:15   | Killed an ancient lich
 77262 | Zig:15   | Identified the Guide on Ignition and Bewitchment
 77282 | Zig:16   | Entered Level 16 of a ziggurat
 77294 | Zig:16   | Noticed an orb of fire
 77294 | Zig:16   | Noticed an orb of fire
 77296 | Zig:16   | Noticed an orb of fire
 77300 | Zig:16   | Noticed an orb of fire
 77300 | Zig:16   | Noticed an orb of fire
 77301 | Zig:16   | Noticed an orb of fire
 77304 | Zig:16   | Killed an orb of fire
 77304 | Zig:16   | Killed an orb of fire
 77304 | Zig:16   | Killed an orb of fire
 77305 | Zig:16   | Killed an orb of fire
 77306 | Zig:16   | Reached skill level 15 in Ice Magic
 77306 | Zig:16   | Killed an orb of fire
 77308 | Zig:16   | Killed an orb of fire
 77368 | Zig:16   | Found the +8 demon blade "Leech" {vamp, *Rage +Rage rN+}
 77396 | Zig:16   | Got a coiled iron amulet
 77397 | Zig:16   | Identified the amulet of Rosiev {rC+ Regen+} (You found it
                  | on level 16 of a ziggurat)
 77500 | Zig:17   | Entered Level 17 of a ziggurat
 77513 | Zig:17   | Found the ring of the Mage {Wiz Will++ Int+3}
 77632 | Zig:18   | Entered Level 18 of a ziggurat
 77650 | Zig:18   | Reached skill level 27 in Spellcasting
 77657 | Zig:18   | Found the +1 cloak of Starlight {*Dazzle EV+4 Stlth--}
 77657 | Zig:18   | Found the +10 Black Knight's barding {ponderous, rPois rN+}
 77688 | Zig:18   | Identified the Handbook of Hurtful Flight
 77705 | Zig:19   | Entered Level 19 of a ziggurat
 77780 | Zig:19   | Identified the cursed -5 cloak of the Storm King {Regen+
                  | Str+2} (You found it on level 19 of a ziggurat)
 77798 | Zig:19   | Learned a level 9 spell: Tornado
 77799 | Zig:20   | Entered Level 20 of a ziggurat
 77812 | Zig:20   | Gained mutation: You have an uncontrollable temper. [a
                  | cacodemon]
 77839 | Zig:20   | Got a heavily runed gossamer ring
 77843 | Zig:20   | Identified the ring "Bop Ceno" {*Corrode +Blink rPois Dex+6
                  | Stlth+} (You found it on level 20 of a ziggurat)
 77861 | Zig:20   | Identified Viogg's Incunabulum of Poison and the Arsonist
 77901 | Zig:21   | Entered Level 21 of a ziggurat
 77911 | Zig:21   | Noticed an ancient lich
 77913 | Zig:21   | Noticed an ancient lich
 77914 | Zig:21   | Killed an ancient lich
 77915 | Zig:21   | Killed an ancient lich
 77916 | Zig:21   | Reached skill level 5 in Air Magic
 77917 | Zig:21   | Noticed an ancient lich
 77919 | Zig:21   | Noticed an ancient lich
 77921 | Zig:21   | Killed an ancient lich
 77922 | Zig:21   | Killed an ancient lich
 77923 | Zig:21   | Noticed an ancient lich
 77925 | Zig:21   | Killed an ancient lich
 77930 | Zig:21   | Found the +10 dark maul {vorpal}
 77964 | Zig:21   | Got a wavering pewter ring
 77965 | Zig:21   | Identified the ring of Rorrug {Ice Dex+3} (You found it on
                  | level 21 of a ziggurat)
 77992 | Zig:21   | Identified the Collected Works on the Congealing Mountains
 78015 | Zig:21   | Reached skill level 10 in Air Magic
 78020 | Zig:22   | Entered Level 22 of a ziggurat
 78135 | Zig:22   | Got a fine buckler
 78146 | Zig:22   | Identified the +2 buckler of Words of Power {Int+4} (You
                  | found it on level 22 of a ziggurat)
 78160 | Zig:22   | Identified Agou's Incunabulum of the Virous Snowflakes
 78167 | Zig:22   | Identified The Lost Incunabulum of Sif Muna
 78174 | Zig:22   | Got a steaming ivory ring
 78175 | Zig:22   | Identified the ring of Nohoak {rN+ Will+ Str+7 SInv} (You
                  | found it on level 22 of a ziggurat)
 78177 | Zig:23   | Entered Level 23 of a ziggurat
 78219 | Zig:23   | Reached skill level 15 in Air Magic
 78251 | Zig:23   | Found the +18 shield of the Gong {rElec rN+ Will+ EV-5}
 78311 | Zig:23   | Got an ancient lapis lazuli ring
 78312 | Zig:23   | Identified the ring of Ulul Dath {+Fly Will+ Str-3 Int+4
                  | SInv} (You found it on level 23 of a ziggurat)
 78316 | Zig:23   | Identified the Reference Book on Intoxication and Moulding
 78436 | Zig:24   | Entered Level 24 of a ziggurat
 78449 | Zig:24   | Noticed an ancient lich
 78449 | Zig:24   | Noticed an ancient lich
 78449 | Zig:24   | Noticed an ancient lich
 78450 | Zig:24   | Noticed an ancient lich
 78451 | Zig:24   | Noticed an ancient lich
 78452 | Zig:24   | Killed an ancient lich
 78453 | Zig:24   | Killed an ancient lich
 78453 | Zig:24   | Killed an ancient lich
 78456 | Zig:24   | Killed an ancient lich
 78457 | Zig:24   | Killed an ancient lich
 78589 | Zig:24   | Got a scorched lead ring
 78591 | Zig:24   | Identified the ring "Geogeun" {Int+4 Stlth-} (You found it
                  | on level 24 of a ziggurat)
 78593 | Zig:24   | Identified the Almanac of Cobwebs
 78601 | Zig:24   | Got a vibrating wooden ring
 78602 | Zig:24   | Identified the ring of Uleits {rElec EV+4 Dex+2} (You found
                  | it on level 24 of a ziggurat)
 78606 | Zig:24   | Acquired a manual of Air Magic
 78623 | Zig:25   | Entered Level 25 of a ziggurat
 78629 | Zig:25   | Noticed a royal mummy
 78630 | Zig:25   | Noticed a royal mummy
 78631 | Zig:25   | Noticed a royal mummy
 78632 | Zig:25   | Noticed a royal mummy
 78632 | Zig:25   | Noticed a royal mummy
 78634 | Zig:25   | Noticed a royal mummy
 78636 | Zig:25   | Killed a royal mummy
 78637 | Zig:25   | Killed a royal mummy
 78637 | Zig:25   | Killed a royal mummy
 78637 | Zig:25   | Killed a royal mummy
 78637 | Zig:25   | Noticed a royal mummy
 78638 | Zig:25   | Killed a royal mummy
 78638 | Zig:25   | Noticed a royal mummy
 78639 | Zig:25   | Killed a royal mummy
 78639 | Zig:25   | Noticed a royal mummy
 78640 | Zig:25   | Noticed a royal mummy
 78641 | Zig:25   | Killed a royal mummy
 78641 | Zig:25   | Killed a royal mummy
 78641 | Zig:25   | Killed a royal mummy
 78641 | Zig:25   | Noticed a royal mummy
 78642 | Zig:25   | Noticed a royal mummy
 78644 | Zig:25   | Noticed a royal mummy
 78645 | Zig:25   | Noticed a royal mummy
 78646 | Zig:25   | Noticed an ancient lich
 78647 | Zig:25   | Killed a royal mummy
 78647 | Zig:25   | Killed a royal mummy
 78647 | Zig:25   | Killed an ancient lich
 78648 | Zig:25   | Killed a royal mummy
 78648 | Zig:25   | Killed a royal mummy
 78648 | Zig:25   | Killed a royal mummy
 78649 | Zig:25   | Noticed a royal mummy
 78650 | Zig:25   | Noticed a royal mummy
 78653 | Zig:25   | Noticed a royal mummy
 78654 | Zig:25   | Killed a royal mummy
 78655 | Zig:25   | Killed a royal mummy
 78658 | Zig:25   | Killed a royal mummy
 78748 | Zig:25   | Got a heavily runed bone ring
 78749 | Zig:25   | Identified the ring "Kicichiu" {rPois Int+6} (You found it
                  | on level 25 of a ziggurat)
 78755 | Zig:25   | Identified the Handbook of Enchanting Shape Shifting
 78757 | Zig:25   | Acquired 667 gold pieces
 78771 | Zig:25   | Got a fine bronze ring
 78772 | Zig:25   | Identified the ring of the Failed Coup {+Blink Stlth+} (You
                  | found it on level 25 of a ziggurat)
 78791 | Zig:25   | Identified the +1 helmet of the Tundras {-Tele rCorr Dex-5
                  | SInv} (You found it on level 25 of a ziggurat)
 78794 | Zig:26   | Entered Level 26 of a ziggurat
 78823 | Zig:26   | Reached skill level 10 in Armour
 78954 | Zig:26   | Got a vibrating jade ring
 78955 | Zig:26   | Identified the ring of Discord {rF+ rC+ rN++ Str-2 Dex+3}
                  | (You found it on level 26 of a ziggurat)
 78977 | Zig:27   | Entered Level 27 of a ziggurat
 79002 | Zig:27   | Reached skill level 15 in Armour
 79053 | Zig:27   | Found the +8 Wrath of Trog {antimagic, *Rage}
 79066 | Zig:27   | Identified the Collected Works on Shape Shifting
 79116 | Zig:27   | Identified the Grimoire of Displacement and Hexes
 79126 | Zig:27   | Got a warped brass ring
 79127 | Zig:27   | Identified the ring of the Inquisitive Teeth {+Fly Dex+3}
                  | (You found it on level 27 of a ziggurat)
 79139 | Zig:27   | Reached skill level 10 in Stealth
 79211 | Depths:2 | Voluntarily entered the Abyss.
 79234 | Abyss:2  | Found a corrupted altar of Lugonu.
 79418 | Abyss:2  | Found a corrupted altar of Lugonu.
 79550 | Abyss:2  | Lost mutation: You tend to lose your temper in combat.
                  | [potion of mutation]
 79550 | Abyss:2  | Lost mutation: You are agile. (Dex +2) [potion of mutation]
 79550 | Abyss:2  | Lost mutation: You do not regenerate when monsters are
                  | visible. [potion of mutation]
 79550 | Abyss:2  | Lost mutation: You are robust. (+10% HP) [potion of
                  | mutation]
 79550 | Abyss:2  | Lost mutation: You have supernaturally acute eyesight.
                  | (SInv) [potion of mutation]
 79550 | Abyss:2  | Gained mutation: You are robust. (+10% HP) [potion of
                  | mutation]
 80438 | Abyss:3  | Found a shimmering blue altar of Sif Muna.
 80542 | Abyss:3  | Found a corrupted altar of Lugonu.
 80606 | Abyss:3  | Found a corrupted altar of Lugonu.
 80618 | Abyss:3  | Found a shimmering blue altar of Sif Muna.
 80640 | Abyss:3  | Reached skill level 15 in Stealth
 81117 | Abyss:3  | Found a corrupted altar of Lugonu.
 81129 | Abyss:3  | Got an abyssal rune of Zot
 81410 | Depths:2 | Escaped the Abyss
 81694 | Snake:3  | Bought the ring of Robustness {AC+8} for 1664 gold pieces
 81694 | Snake:3  | Found the ring of Robustness {AC+8}
 81970 | Pan      | Entered Pandemonium
 82339 | Pan      | Noticed Vamiawn the pandemonium lord
 82343 | Pan      | Killed Vamiawn the pandemonium lord
 82475 | Pan      | Noticed Ixtigir the pandemonium lord
 82478 | Pan      | Killed Ixtigir the pandemonium lord
 82499 | Pan      | Gained mutation: Your mind is acute. (Int +2) [a neqoxec]
 82613 | Pan      | Noticed Huscherric the pandemonium lord
 82619 | Pan      | Killed Huscherric the pandemonium lord
 82706 | Pan      | Gained mutation: You do not regenerate when monsters are
                  | visible. [a cacodemon]
 83141 | Pan      | Noticed Lozidit the pandemonium lord
 83148 | Pan      | Killed Lozidit the pandemonium lord
 83224 | Pan      | Found an exit through the horrors of the Abyss.
 83341 | Pan      | Noticed Wooruaxt the pandemonium lord
 83660 | Pan      | Killed Wooruaxt the pandemonium lord
 84512 | Pan      | Entered the realm of Gloorx Vloq.
 84768 | Pan      | Noticed Gloorx Vloq
 84776 | Pan      | Killed Gloorx Vloq
 84817 | Pan      | Got a dark rune of Zot
 85378 | Pan      | Entered the realm of Cerebov.
 85606 | Pan      | Identified the +6 sword of Cerebov {flame}
 85606 | Pan      | Noticed Cerebov
 85611 | Pan      | Killed Cerebov
 85737 | Pan      | Identified Ahibiew's Collected Works on Poisonous
                  | Transformation
 85816 | Pan      | Got a fiery rune of Zot
 85889 | Pan      | Got a transparent steel ring
 85890 | Pan      | Identified the ring of Zuerach {rF+ Int+3 Dex+5} (You found
                  | it in Pandemonium)
 86972 | Pan      | Noticed Tyenwos the pandemonium lord
 86976 | Pan      | Killed Tyenwos the pandemonium lord
 87193 | Pan      | Got a demonic rune of Zot
 87864 | Pan      | Entered the realm of Mnoleg.
 88130 | Pan      | Gained mutation: Your body sometimes deteriorates upon
                  | taking damage. [a cacodemon]
 88142 | Pan      | Gained mutation: Armour fits poorly on your strangely
                  | shaped body. [a cacodemon]
 88148 | Pan      | Gained mutation: Scrolls take you a little longer to read.
                  | [a cacodemon]
 88188 | Pan      | Noticed Mnoleg
 88190 | Pan      | Killed Mnoleg
 88195 | Pan      | Lost mutation: Armour fits poorly on your strangely shaped
                  | body. [a shining eye]
 88211 | Pan      | Got a glowing rune of Zot
 88439 | Pan      | Gained mutation: Scrolls take you longer to read. [a
                  | cacodemon]
 88619 | Pan      | Gained mutation: Scrolls take you much longer to read. [a
                  | cacodemon]
 88690 | Pan      | Gained mutation: You occasionally shout uncontrollably at
                  | your foes. [a cacodemon]
 89089 | Pan      | Found a transporter.
 89123 | Pan      | Found a transporter.
 89133 | Pan      | Got a scintillating amber ring
 89137 | Pan      | Identified the ring "Milapt" {rN+ Stlth+} (You found it in
                  | Pandemonium)
 89158 | Pan      | Got a twitching brass ring
 89162 | Pan      | Identified the ring of Joptom {rC++ Will++ Int+6 Dex-2}
                  | (You found it in Pandemonium)
 89429 | Pan      | Found an exit through the horrors of the Abyss.
 89553 | Pan      | Noticed Ufeitwal the pandemonium lord
 89562 | Pan      | Killed Ufeitwal the pandemonium lord
 89629 | Pan      | Entered the realm of Lom Lobon.
 90095 | Pan      | Noticed Ignacio
 90097 | Pan      | Killed Ignacio
 90623 | Pan      | Noticed Lom Lobon
 90628 | Pan      | Killed Lom Lobon
 90666 | Pan      | Got a magical rune of Zot
 90965 | Pan      | Found an exit through the horrors of the Abyss.
 90978 | Pan      | Lost mutation: You are robust. (+10% HP) [a neqoxec]
 91157 | Pan      | Noticed Tyneid the pandemonium lord
 91160 | Pan      | Killed Tyneid the pandemonium lord
 91277 | Pan      | Reached skill level 27 in Stealth
 91371 | Pan      | Noticed Hijeyly the pandemonium lord
 91375 | Pan      | Killed Hijeyly the pandemonium lord
 91463 | Pan      | Identified the +1 helmet "Piugaofa" {rC+ Str+2 Dex+3} (You
                  | found it in Pandemonium)
 91482 | Pan      | Lost mutation: Scrolls take you much longer to read.
                  | [potion of mutation]
 91482 | Pan      | Lost mutation: You occasionally shout uncontrollably at
                  | your foes. [potion of mutation]
 91482 | Pan      | Lost mutation: Your mind is acute. (Int +2) [potion of
                  | mutation]
 91482 | Pan      | Gained mutation: You can translocate small distances at
                  | will. [potion of mutation]
 91482 | Pan      | Gained mutation: Your body often deteriorates upon taking
                  | damage. [potion of mutation]
 91482 | Pan      | Gained mutation: Your mind is acute. (Int +2) [potion of
                  | mutation]
 91483 | Pan      | Lost mutation: Your mind is acute. (Int +2) [potion of
                  | mutation]
 91483 | Pan      | Lost mutation: Your body often deteriorates upon taking
                  | damage. [potion of mutation]
 91483 | Pan      | Lost mutation: You can translocate small distances at will.
                  | [potion of mutation]
 91483 | Pan      | Gained mutation: You are partially covered in molten
                  | scales. (AC +2) [potion of mutation]
 91483 | Pan      | Gained mutation: Your spells are a little easier to cast,
                  | but a little less powerful. [potion of mutation]
 91483 | Pan      | Gained mutation: You can translocate small distances at
                  | will. [potion of mutation]
 91484 | Pan      | Lost mutation: Your body sometimes deteriorates upon taking
                  | damage. [potion of mutation]
 91484 | Pan      | Lost mutation: You are partially covered in molten scales.
                  | (AC +2) [potion of mutation]
 91484 | Pan      | Lost mutation: You do not regenerate when monsters are
                  | visible. [potion of mutation]
 91484 | Pan      | Lost mutation: Your spells are a little easier to cast, but
                  | a little less powerful. [potion of mutation]
 91484 | Pan      | Gained mutation: You have sharp toenails. [potion of
                  | mutation]
 91485 | Pan      | Lost mutation: Scrolls take you longer to read. [potion of
                  | mutation]
 91485 | Pan      | Lost mutation: Scrolls take you a little longer to read.
                  | [potion of mutation]
 91485 | Pan      | Gained mutation: You are clumsy. (Dex -2) [potion of
                  | mutation]
 91485 | Pan      | Gained mutation: Your muscles are strong. (Str +2) [potion
                  | of mutation]
 91485 | Pan      | Gained mutation: You have sharp fingernails. [potion of
                  | mutation]
 91575 | Pan      | Found an exit through the horrors of the Abyss.
 91670 | Pan      | Noticed Gucraewol the pandemonium lord
 91674 | Pan      | Killed Gucraewol the pandemonium lord
 92114 | Depths:1 | Escaped Pandemonium
 92165 | Zig:1    | Entered Level 1 of a ziggurat
 92311 | Zig:2    | Entered Level 2 of a ziggurat
 92343 | Zig:3    | Entered Level 3 of a ziggurat
 92388 | Zig:4    | Entered Level 4 of a ziggurat
 92416 | Zig:5    | Entered Level 5 of a ziggurat
 92561 | Zig:6    | Entered Level 6 of a ziggurat
 92566 | Zig:6    | Noticed Sahais the pandemonium lord
 92570 | Zig:6    | Killed Sahais the pandemonium lord
 92595 | Zig:6    | Got a heavily runed gossamer ring
 92596 | Zig:6    | Identified the ring "Kauxt" {rPois Will+ Str+2 SInv} (You
                  | found it on level 6 of a ziggurat)
 92619 | Zig:7    | Entered Level 7 of a ziggurat
 92669 | Zig:7    | Identified Sif Muna's Volume of Creative Intoxication
 92684 | Zig:8    | Entered Level 8 of a ziggurat
 92743 | Zig:9    | Entered Level 9 of a ziggurat
 92790 | Zig:9    | Identified the +2 buckler of Past Mistakes {Will+ Str+4
                  | Dex+4 Stlth-} (You found it on level 9 of a ziggurat)
 92851 | Zig:10   | Entered Level 10 of a ziggurat
 92927 | Zig:10   | Got a bound brass ring
 92928 | Zig:10   | Identified the ring "Laraf" {rC- Will+ Dex+5 Slay+4} (You
                  | found it on level 10 of a ziggurat)
 92934 | Zig:11   | Entered Level 11 of a ziggurat
 92960 | Zig:11   | Noticed an ancient lich
 92968 | Zig:11   | Killed an ancient lich
 93007 | Zig:11   | Got a slimy turquoise ring
 93008 | Zig:11   | Identified the ring "Geas" {rF+ rC+} (You found it on level
                  | 11 of a ziggurat)
 93022 | Zig:12   | Entered Level 12 of a ziggurat
 93093 | Zig:13   | Entered Level 13 of a ziggurat
 93099 | Zig:13   | Noticed a juggernaut
 93099 | Zig:13   | Noticed a juggernaut
 93101 | Zig:13   | Reached skill level 27 in Conjurations
 93102 | Zig:13   | Killed a juggernaut
 93102 | Zig:13   | Killed a juggernaut
 93154 | Zig:13   | Identified the Disquisition on Vitriolic Ice
 93163 | Zig:13   | Identified the +5 morningstar "Vauquof" {venom, +Blink
                  | rPois MP-9 Int+9} (You found it on level 13 of a ziggurat)
 93188 | Zig:14   | Entered Level 14 of a ziggurat
 93232 | Zig:14   | Identified the Handbook of Wyrd
 93237 | Zig:14   | Identified the +0 steam dragon scales of Dyspraxia {Int+2
                  | Dex+2} (You found it on level 14 of a ziggurat)
 93250 | Zig:15   | Entered Level 15 of a ziggurat
 93276 | Zig:15   | Found the +2 hood of the Assassin {Detection Stab+ Stlth++}
 93277 | Zig:15   | Found the +7 captain's cutlass {speed, disarm}
 93440 | Zig:15   | Acquired 1124 gold pieces
 93444 | Zig:15   | Acquired 1075 gold pieces
 93464 | Zig:16   | Entered Level 16 of a ziggurat
 93472 | Zig:16   | Noticed an ancient lich
 93477 | Zig:16   | Noticed an ancient lich
 93477 | Zig:16   | Killed an ancient lich
 93484 | Zig:16   | Killed an ancient lich
 93540 | Zig:16   | Got a flickering lapis lazuli ring
 93541 | Zig:16   | Identified the ring of Veuqer {+Fly Str+3} (You found it on
                  | level 16 of a ziggurat)
 93579 | Zig:17   | Entered Level 17 of a ziggurat
 93723 | Zig:17   | Found the +3 Elemental Staff {rElec rF++ rC++ Will++ AC+5}
 93742 | Zig:17   | Got a shimmering pewter ring
 93743 | Zig:17   | Identified the ring "Gusagui" {*Contam Int+2 Dex+7 Stlth-}
                  | (You found it on level 17 of a ziggurat)
 93750 | Zig:17   | Identified the Disquisition on Supportive Confrontation
 93761 | Zig:18   | Entered Level 18 of a ziggurat
 93788 | Zig:18   | Gained mutation: You are frail. (-10% HP) [a cacodemon]
 93857 | Zig:18   | Got a transparent jade ring
 93858 | Zig:18   | Identified the ring "Neone" {rPois rF- Will++ Dex+6} (You
                  | found it on level 18 of a ziggurat)
 93869 | Zig:18   | Got a slimy copper ring
 93870 | Zig:18   | Identified the ring "Cuk Mial" {rN+ Str+4 Stlth+} (You
                  | found it on level 18 of a ziggurat)
 93888 | Zig:18   | Got a coiled crystal amulet
 93889 | Zig:18   | Identified the amulet "Nophyxt" {Reflect rF++ Str+2 Dex-3
                  | SH+5} (You found it on level 18 of a ziggurat)
 93891 | Zig:18   | Identified the Reference Book on Shifting Necromancy
 93894 | Zig:18   | Got a faintly glowing turquoise ring
 93895 | Zig:18   | Identified the ring of Cokk {rC- rN+ Will++ MP+9 Dex-5}
                  | (You found it on level 18 of a ziggurat)
 93909 | Zig:19   | Entered Level 19 of a ziggurat
 93920 | Zig:19   | Noticed Wunei the pandemonium lord
 93930 | Zig:19   | Killed Wunei the pandemonium lord
 94003 | Zig:19   | Got a wavering platinum ring
 94006 | Zig:19   | Identified the ring of Xeywkine {rF+ Int+2 Slay+3} (You
                  | found it on level 19 of a ziggurat)
 94020 | Zig:19   | Got a warped ivory ring
 94021 | Zig:19   | Identified the ring of the Wild Haggis {*Corrode rElec
                  | Will+ Str+6 Dex+4 SInv} (You found it on level 19 of a
                  | ziggurat)
 94046 | Zig:20   | Entered Level 20 of a ziggurat
 94058 | Zig:20   | Found the +9 scales of the Dragon King {rPois rF+ rC+
                  | Will+}
 94072 | Zig:20   | Identified Foven's Almanac of Envenoming and Combat Magic
 94132 | Zig:20   | Identified the +3 troll leather armour "Rirom" {rN+ Regen+}
                  | (You found it on level 20 of a ziggurat)
 94133 | Zig:20   | Lost mutation: You are clumsy. (Dex -2) [potion of
                  | mutation]
 94133 | Zig:20   | Lost mutation: You are frail. (-10% HP) [potion of
                  | mutation]
 94133 | Zig:20   | Lost mutation: Your muscles are strong. (Str +2) [potion of
                  | mutation]
 94133 | Zig:20   | Lost mutation: You have sharp fingernails. [potion of
                  | mutation]
 94133 | Zig:20   | Lost mutation: You can translocate small distances at will.
                  | [potion of mutation]
 94133 | Zig:20   | Gained mutation: You can translocate small distances at
                  | will. [potion of mutation]
 94133 | Zig:20   | Lost mutation: You have sharp toenails. [potion of
                  | mutation]
 94133 | Zig:20   | Gained mutation: You evolve. [potion of mutation]
 94135 | Zig:21   | Entered Level 21 of a ziggurat
 94149 | Zig:21   | Reached skill level 27 in Dodging
 94213 | Zig:21   | Found the cursed necklace of Bloodlust {*Rage +Rage Will++
                  | Int-3 Slay+6 *Curse}
 94272 | Zig:22   | Entered Level 22 of a ziggurat
 94282 | Zig:22   | Noticed a juggernaut
 94282 | Zig:22   | Noticed a juggernaut
 94283 | Zig:22   | Noticed a juggernaut
 94288 | Zig:22   | Killed a juggernaut
 94289 | Zig:22   | Killed a juggernaut
 94290 | Zig:22   | Noticed a juggernaut
 94302 | Zig:22   | Killed a juggernaut
 94304 | Zig:22   | Killed a juggernaut
 94327 | Zig:22   | Identified the Catalogue of the Catamount
 94347 | Zig:22   | Identified the +0 pair of boots "Mitefel" {*Contam Str+8
                  | SInv Stlth-} (You found it on level 22 of a ziggurat)
 94369 | Zig:22   | Identified Dymibo's Compendium of Companions
 94382 | Zig:23   | Entered Level 23 of a ziggurat
 94387 | Zig:23   | Noticed a juggernaut
 94387 | Zig:23   | Noticed a juggernaut
 94388 | Zig:23   | Noticed a juggernaut
 94390 | Zig:23   | Noticed a juggernaut
 94390 | Zig:23   | Noticed a juggernaut
 94391 | Zig:23   | Killed a juggernaut
 94392 | Zig:23   | Killed a juggernaut
 94393 | Zig:23   | Noticed a juggernaut
 94393 | Zig:23   | Noticed a juggernaut
 94394 | Zig:23   | Killed a juggernaut
 94394 | Zig:23   | Noticed a juggernaut
 94395 | Zig:23   | Killed a juggernaut
 94395 | Zig:23   | Noticed a juggernaut
 94396 | Zig:23   | Killed a juggernaut
 94396 | Zig:23   | Killed a juggernaut
 94396 | Zig:23   | Killed a juggernaut
 94397 | Zig:23   | Killed a juggernaut
 94398 | Zig:23   | Killed a juggernaut
 94422 | Zig:23   | Found the +6 arbalest "Damnation" {damnation}
 94433 | Zig:23   | Got a slimy lead ring
 94436 | Zig:23   | Identified the ring "Dacerape" {rElec rC+ Will+ Dex+3
                  | Stlth-} (You found it on level 23 of a ziggurat)
 94462 | Zig:23   | Identified Xeonen's Reference Book on Quantum Moulding
 94485 | Zig:24   | Entered Level 24 of a ziggurat
 94552 | Zig:24   | Got a crude bronze ring
 94553 | Zig:24   | Identified the ring of Midwinter {Str+3 Int+6} (You found
                  | it on level 24 of a ziggurat)
 94558 | Zig:24   | Got a heavily runed pewter amulet
 94559 | Zig:24   | Identified the amulet of Heolei {Inacc +Blink rC+ Dex+5}
                  | (You found it on level 24 of a ziggurat)
 94567 | Zig:24   | Got a transparent marble ring
 94568 | Zig:24   | Identified the ring of Noon {*Corrode rN+ Int-5 Dex+7
                  | Stlth+} (You found it on level 24 of a ziggurat)
 94585 | Zig:24   | Identified the Handbook of Orientation
 94603 | Zig:25   | Entered Level 25 of a ziggurat
 94647 | Zig:25   | Identified the +0 pair of gloves of Haihom Daosm {Int+5}
                  | (You found it on level 25 of a ziggurat)
 94681 | Zig:25   | Got a twitching ivory ring
 94682 | Zig:25   | Identified the ring "Qics" {*Tele Stlth+} (You found it on
                  | level 25 of a ziggurat)
 94705 | Zig:25   | Identified the Reference Book on the Oath and Black Magic
 94709 | Zig:26   | Entered Level 26 of a ziggurat
 94742 | Zig:26   | Reached skill level 27 in Earth Magic
 95108 | Zig:26   | Identified the +10 quarterstaff of Dixta {holy, rPois rC+}
                  | (You found it on level 26 of a ziggurat)
 95122 | Zig:26   | Identified The Intricacies of Witchery
 95142 | Zig:26   | Got a vibrating tin ring
 95143 | Zig:26   | Identified the ring of Irrepressible Laughter {MP+9 Int+5
                  | Dex+6} (You found it on level 26 of a ziggurat)
 95145 | Zig:26   | Got a pitted lead ring
 95146 | Zig:26   | Identified the ring "Cuar" {rPois rC+ Dex-2 Slay+2} (You
                  | found it on level 26 of a ziggurat)
 95152 | Zig:26   | Got a slimy brass ring
 95153 | Zig:26   | Identified the ring of Kin Rorelir {rC+ rCorr Slay+5} (You
                  | found it on level 26 of a ziggurat)
 95166 | Zig:26   | Acquired 1050 gold pieces
 95179 | Zig:27   | Entered Level 27 of a ziggurat
 95303 | Zig:27   | Identified the +3 quarterstaff "Duloco Tiuth" {flame, rC+
                  | Dex+2} (You found it on level 27 of a ziggurat)
 95312 | Zig:27   | Acquired a manual of Armour
 95630 | Tomb:1   | Entered Level 1 of the Tomb of the Ancients
 95713 | Tomb:1   | Noticed a royal mummy
 95713 | Tomb:1   | Noticed a royal mummy
 95713 | Tomb:1   | Noticed a royal mummy
 95714 | Tomb:1   | Killed a royal mummy
 95714 | Tomb:1   | Noticed a royal mummy
 95715 | Tomb:1   | Killed a royal mummy
 95718 | Tomb:1   | Killed a royal mummy
 95719 | Tomb:1   | Killed a royal mummy
 95722 | Tomb:1   | Noticed a royal mummy
 95734 | Tomb:1   | Killed a royal mummy
 96049 | Tomb:1   | Noticed a royal mummy
 96052 | Tomb:1   | Killed a royal mummy
 96058 | Tomb:1   | Noticed a royal mummy
 96064 | Tomb:1   | Killed a royal mummy
 96300 | Tomb:2   | Noticed an ancient lich
 96300 | Tomb:2   | Noticed a royal mummy
 96302 | Tomb:2   | Noticed a royal mummy
 96303 | Tomb:2   | Noticed a royal mummy
 96304 | Tomb:2   | Killed a royal mummy
 96304 | Tomb:2   | Killed an ancient lich
 96314 | Tomb:1   | Noticed a royal mummy
 96314 | Tomb:1   | Noticed a royal mummy
 96318 | Tomb:1   | Noticed a royal mummy
 96320 | Tomb:1   | Killed a royal mummy
 96320 | Tomb:1   | Noticed a royal mummy
 96320 | Tomb:1   | Noticed a royal mummy
 96322 | Tomb:1   | Killed a royal mummy
 96323 | Tomb:1   | Killed a royal mummy
 96323 | Tomb:1   | Killed a royal mummy
 96324 | Tomb:1   | Reached skill level 27 in Ice Magic
 96326 | Tomb:1   | Killed a royal mummy
 96327 | Tomb:1   | Reached skill level 27 in Fire Magic
 96332 | Tomb:1   | Noticed a royal mummy
 96338 | Tomb:1   | Killed a royal mummy
 96347 | Tomb:1   | Identified the Grimoire of the Arsonist and the Escort
 96348 | Tomb:1   | Noticed a royal mummy
 96350 | Tomb:1   | Killed a royal mummy
 96537 | Tomb:1   | Noticed a royal mummy
 96542 | Tomb:1   | Noticed a royal mummy
 96547 | Tomb:1   | Killed a royal mummy
 96549 | Tomb:1   | Noticed a royal mummy
 96551 | Tomb:1   | Killed a royal mummy
 96553 | Tomb:1   | Killed a royal mummy
 96820 | Tomb:1   | Gained mutation: You have a pair of small horns on your
                  | head. [evolution]
 96835 | Tomb:1   | Identified the +5 morningstar "Amotod" {chaos, rF+ Will++}
                  | (You found it on level 1 of the Tomb of the Ancients)
 96838 | Tomb:1   | Lost mutation: You have a pair of small horns on your head.
                  | [potion of mutation]
 96838 | Tomb:1   | Lost mutation: You evolve. [potion of mutation]
 96838 | Tomb:1   | Gained mutation: You are occasionally teleported next to
                  | monsters. [potion of mutation]
 96838 | Tomb:1   | Gained mutation: You have a pair of small horns on your
                  | head. [potion of mutation]
 96839 | Tomb:1   | Lost mutation: You have a pair of small horns on your head.
                  | [potion of mutation]
 96839 | Tomb:1   | Lost mutation: You are occasionally teleported next to
                  | monsters. [potion of mutation]
 96839 | Tomb:1   | Lost mutation: You can translocate small distances at will.
                  | [potion of mutation]
 96839 | Tomb:1   | Lost mutation: You are partially covered in rugged brown
                  | scales. (AC +1, +3% HP) [potion of mutation]
 96839 | Tomb:1   | Gained mutation: You have a pair of small horns on your
                  | head. [potion of mutation]
 96839 | Tomb:1   | Gained mutation: Your mind is acute. (Int +2) [potion of
                  | mutation]
 96839 | Tomb:1   | Gained mutation: You expend magic power (3 MP) to
                  | strengthen your wands. [potion of mutation]
 96839 | Tomb:1   | Gained mutation: You are partially covered in iridescent
                  | scales. (AC +2) [potion of mutation]
 96840 | Tomb:1   | Lost mutation: You have a pair of small horns on your head.
                  | [potion of mutation]
 96840 | Tomb:1   | Lost mutation: Your mind is acute. (Int +2) [potion of
                  | mutation]
 96840 | Tomb:1   | Lost mutation: You are partially covered in iridescent
                  | scales. (AC +2) [potion of mutation]
 96840 | Tomb:1   | Gained mutation: Scrolls take you a little longer to read.
                  | [potion of mutation]
 96840 | Tomb:1   | Gained mutation: You are robust. (+10% HP) [potion of
                  | mutation]
 96841 | Tomb:1   | Lost mutation: You expend magic power (3 MP) to strengthen
                  | your wands. [potion of mutation]
 96841 | Tomb:1   | Lost mutation: Scrolls take you a little longer to read.
                  | [potion of mutation]
 96841 | Tomb:1   | Lost mutation: You are robust. (+10% HP) [potion of
                  | mutation]
 96841 | Tomb:1   | Gained mutation: Your flesh is cold resistant. (rC+)
                  | [potion of mutation]
 96841 | Tomb:1   | Gained mutation: You have supernaturally acute eyesight.
                  | (SInv) [potion of mutation]
 96936 | Tomb:1   | Noticed a royal mummy
 96989 | Tomb:1   | Noticed a royal mummy
 96993 | Tomb:1   | Killed a royal mummy
 97021 | Tomb:1   | Killed a royal mummy
 97141 | Tomb:1   | Noticed a royal mummy
 97143 | Tomb:1   | Killed a royal mummy
 97146 | Tomb:1   | Noticed a royal mummy
 97149 | Tomb:1   | Killed a royal mummy
 97243 | Tomb:2   | Killed a royal mummy
 97256 | Tomb:2   | Killed a royal mummy
 97638 | Tomb:3   | Entered Level 3 of the Tomb of the Ancients
 97649 | Tomb:3   | Reached skill level 27 in Air Magic
 97649 | Tomb:3   | Noticed a royal mummy
 97650 | Tomb:3   | Noticed a royal mummy
 97657 | Tomb:3   | Killed a royal mummy
 97657 | Tomb:3   | Killed a royal mummy
 97657 | Tomb:3   | Noticed a royal mummy
 97658 | Tomb:3   | Noticed a royal mummy
 97660 | Tomb:3   | Killed a royal mummy
 97662 | Tomb:3   | Reached skill level 10 in Staves
 97664 | Tomb:3   | Killed a royal mummy
 97665 | Tomb:3   | Noticed a royal mummy
 97667 | Tomb:3   | Noticed a royal mummy
 97669 | Tomb:3   | Noticed a royal mummy
 97674 | Tomb:3   | Killed a royal mummy
 97674 | Tomb:3   | Noticed a royal mummy
 97676 | Tomb:3   | Got a golden rune of Zot
 97677 | Tomb:3   | Killed a royal mummy
 97678 | Tomb:3   | Killed a royal mummy
 97678 | Tomb:3   | Killed a royal mummy
 97754 | Tomb:3   | Identified the Volume of Changing and the Rocks
 97957 | Tomb:3   | Got a crude garnet amulet
 97958 | Tomb:3   | Identified the amulet of Erelod {Faith rF++} (You found it
                  | on level 3 of the Tomb of the Ancients)
 97966 | Tomb:3   | Got a scorched turquoise ring
 97967 | Tomb:3   | Identified the ring "Kytzar" {Fire +Blink rPois Will-
                  | Int-5} (You found it on level 3 of the Tomb of the
                  | Ancients)
 98002 | Tomb:3   | Got a coiled steel ring
 98003 | Tomb:3   | Identified the ring "Fumy" {rC++ EV+4} (You found it on
                  | level 3 of the Tomb of the Ancients)
 98104 | Tomb:3   | Got a scintillating bone ring
 98105 | Tomb:3   | Identified the ring of Ecuhesaj {rC+ EV+4 Int+5} (You found
                  | it on level 3 of the Tomb of the Ancients)
 98474 | Zig:1    | Entered Level 1 of a ziggurat
 98487 | Zig:1    | Acquired a manual of Throwing
 98492 | Zig:2    | Entered Level 2 of a ziggurat
 98507 | Zig:2    | Got a flickering ivory amulet
 98508 | Zig:2    | Identified the amulet of Qaway {*Drain +Inv rElec rPois
                  | Regen+} (You found it on level 2 of a ziggurat)
 98515 | Zig:3    | Entered Level 3 of a ziggurat
 98539 | Zig:4    | Entered Level 4 of a ziggurat
 98563 | Zig:5    | Entered Level 5 of a ziggurat
 98610 | Zig:6    | Entered Level 6 of a ziggurat
 98613 | Zig:6    | Reached skill level 15 in Staves
 98711 | Zig:6    | Identified the Guide on Battle Magic
 98720 | Zig:7    | Entered Level 7 of a ziggurat
 98769 | Zig:8    | Entered Level 8 of a ziggurat
 98825 | Zig:8    | Got a transparent glass ring
 98826 | Zig:8    | Identified the ring of Egalitarianism {rF- rC++ rN+ Dex+6}
                  | (You found it on level 8 of a ziggurat)
 98851 | Zig:9    | Entered Level 9 of a ziggurat
 98916 | Zig:9    | Acquired a manual of Staves
 98922 | Zig:9    | Identified the Papyrus of the Escort
 98935 | Zig:10   | Entered Level 10 of a ziggurat
 98938 | Zig:10   | Noticed a royal mummy
 98940 | Zig:10   | Noticed a royal mummy
 98946 | Zig:10   | Noticed a royal mummy
 98947 | Zig:10   | Killed a royal mummy
 98947 | Zig:10   | Killed a royal mummy
 98948 | Zig:10   | Noticed a royal mummy
 98951 | Zig:10   | Killed a royal mummy
 98953 | Zig:10   | Killed a royal mummy
 98979 | Zig:10   | Identified the Incunabulum of the Dark Frostbite
 99039 | Zig:11   | Entered Level 11 of a ziggurat
 99106 | Zig:11   | Got a smoking tin ring
 99110 | Zig:11   | Identified the ring "Imneon" {Ice rElec rN+ Will+} (You
                  | found it on level 11 of a ziggurat)
 99131 | Zig:12   | Entered Level 12 of a ziggurat
 99154 | Zig:12   | Found the +8 orange crystal plate armour {Archmagi, Int+3
                  | Clar}
 99319 | Zig:12   | Got a heavily runed wooden ring
 99320 | Zig:12   | Identified the cursed ring "Dethopse" {rF+ Dex-4 SInv} (You
                  | found it on level 12 of a ziggurat)
 99346 | Zig:13   | Entered Level 13 of a ziggurat
 99358 | Zig:13   | Noticed Roatz the pandemonium lord
 99363 | Zig:13   | Killed Roatz the pandemonium lord
 99456 | Zig:13   | Identified the Handbook of the Twisted Entourage
 99459 | Zig:13   | Got a pitted iron ring
 99460 | Zig:13   | Identified the ring "Nieqocesk" {rC++ rCorr} (You found it
                  | on level 13 of a ziggurat)
 99476 | Zig:13   | Identified the Reference Book on the Enthralling Birds
 99492 | Zig:13   | Identified the Grimoire of Creative Malediction
 99501 | Zig:14   | Entered Level 14 of a ziggurat
 99578 | Zig:14   | Identified Ocwion's Tome of the Escort and Arcane Weapons
 99603 | Zig:15   | Entered Level 15 of a ziggurat
 99618 | Zig:15   | Noticed Yhisufok the pandemonium lord
 99622 | Zig:15   | Killed Yhisufok the pandemonium lord
 99627 | Zig:15   | Reached skill level 27 in Staves
 99683 | Zig:15   | Got a transparent silver ring
 99684 | Zig:15   | Identified the ring "Selam" {rF+ rC+ Int-2 Dex+6} (You
                  | found it on level 15 of a ziggurat)
 99717 | Zig:16   | Entered Level 16 of a ziggurat
 99733 | Zig:16   | Reached skill level 15 in Throwing
 99934 | Zig:17   | Entered Level 17 of a ziggurat
100001 | Zig:17   | Acquired a manual of Armour
100043 | Zig:17   | Got a slimy wooden ring
100045 | Zig:17   | Identified the ring of Wishful Thinking {rF+ Int+2 SInv
                  | Stlth-} (You found it on level 17 of a ziggurat)
100056 | Zig:18   | Entered Level 18 of a ziggurat
100141 | Zig:19   | Entered Level 19 of a ziggurat
100160 | Zig:19   | Noticed an ancient lich
100162 | Zig:19   | Noticed an ancient lich
100164 | Zig:19   | Noticed an ancient lich
100164 | Zig:19   | Killed an ancient lich
100165 | Zig:19   | Noticed an ancient lich
100166 | Zig:19   | Killed an ancient lich
100166 | Zig:19   | Killed an ancient lich
100167 | Zig:19   | Killed an ancient lich
100168 | Zig:19   | Noticed an ancient lich
100170 | Zig:19   | Killed an ancient lich
100170 | Zig:19   | Noticed an ancient lich
100172 | Zig:19   | Killed an ancient lich
100183 | Zig:19   | Found the amulet of the Four Winds {rN+ Will+++ Clar}
100187 | Zig:19   | Found the +2 ratskin cloak {*Rats rPois rN+ Str-1 Int-1
                  | Dex+1}
100245 | Zig:19   | Got a pitted bronze amulet
100246 | Zig:19   | Identified the amulet of the Shrike {Reflect rF+ rC- MP+9
                  | Dex+3 SH+5} (You found it on level 19 of a ziggurat)
100250 | Zig:19   | Identified the Compendium of Cold and the Mountains
100290 | Zig:19   | Got a warped glass ring
100291 | Zig:19   | Identified the ring of Vifouf {*Tele *Contam Will+ Int+4}
                  | (You found it on level 19 of a ziggurat)
100304 | Zig:20   | Entered Level 20 of a ziggurat
100316 | Zig:20   | Noticed Gishoal's ghost (legendary KoBr)
100319 | Zig:20   | Noticed Qumaaz's ghost (legendary HuIE)
100320 | Zig:20   | Noticed Sobuoh's ghost (legendary GrEE)
100320 | Zig:20   | Noticed Xiorchab's ghost (legendary VSFi)
100320 | Zig:20   | Noticed Umoqal's ghost (legendary DEEE)
100320 | Zig:20   | Noticed Ygonacw's ghost (legendary GrEE)
100320 | Zig:20   | Noticed Sobuoh's ghost (legendary GrEE)
100320 | Zig:20   | Noticed Xootouk's ghost (master SpEn)
100320 | Zig:20   | Noticed Rotwopom's ghost (legendary NaVM)
100320 | Zig:20   | Noticed Xiorchab's ghost (legendary VSFi)
100320 | Zig:20   | Noticed Umoqal's ghost (legendary DEEE)
100320 | Zig:20   | Noticed Zorhyraw's ghost (legendary GrEE)
100320 | Zig:20   | Noticed Umoqal's ghost (legendary DEEE)
100321 | Zig:20   | Noticed Muffal's ghost (legendary FoFi)
100322 | Zig:20   | Noticed Wougrad's ghost (legendary GrEE)
100323 | Zig:20   | Killed Xootouk's ghost
100323 | Zig:20   | Noticed Umoqal's ghost (legendary DEEE)
100324 | Zig:20   | Noticed Gyofeun's ghost (legendary FoFi)
100325 | Zig:20   | Noticed Poybuibi's ghost (veteran MiMo)
100325 | Zig:20   | Noticed Saonuxt's ghost (legendary DsFi)
100325 | Zig:20   | Noticed Icuofef's ghost (veteran SpEn)
100325 | Zig:20   | Noticed Xootouk's ghost (master SpEn)
100325 | Zig:20   | Noticed Umoqal's ghost (legendary DEEE)
100325 | Zig:20   | Noticed Umoqal's ghost (legendary DEEE)
100325 | Zig:20   | Noticed Ygonacw's ghost (legendary GrEE)
100328 | Zig:20   | Killed Rotwopom's ghost
100328 | Zig:20   | Killed Ygonacw's ghost
100329 | Zig:20   | Killed Umoqal's ghost
100329 | Zig:20   | Killed Gishoal's ghost
100329 | Zig:20   | Killed Xootouk's ghost
100329 | Zig:20   | Killed Umoqal's ghost
100329 | Zig:20   | Killed Umoqal's ghost
100329 | Zig:20   | Killed Umoqal's ghost
100330 | Zig:20   | Killed Muffal's ghost
100330 | Zig:20   | Killed Wougrad's ghost
100330 | Zig:20   | Killed Qumaaz's ghost
100330 | Zig:20   | Killed Xiorchab's ghost
100330 | Zig:20   | Killed Sobuoh's ghost
100330 | Zig:20   | Killed Umoqal's ghost
100330 | Zig:20   | Killed Xiorchab's ghost
100330 | Zig:20   | Killed Icuofef's ghost
100330 | Zig:20   | Killed Umoqal's ghost
100331 | Zig:20   | Killed Sobuoh's ghost
100331 | Zig:20   | Killed Saonuxt's ghost
100331 | Zig:20   | Killed Ygonacw's ghost
100333 | Zig:20   | Killed Zorhyraw's ghost
100334 | Zig:20   | Killed Gyofeun's ghost
100335 | Zig:20   | Killed Poybuibi's ghost
100517 | Zig:20   | Identified Fiddelot's Wizardry, Part Three
100545 | Zig:20   | Identified the Disquisition on Ensnaring Transformation
100550 | Zig:20   | Got a scintillating golden ring
100551 | Zig:20   | Identified the ring of Doors {rN+ rCorr} (You found it on
                  | level 20 of a ziggurat)
100579 | Zig:20   | Identified the Reference Book on Displacement and
                  | Intoxication
100581 | Zig:20   | Identified the Almanac of Venom and Transmigration
100590 | Zig:21   | Entered Level 21 of a ziggurat
100598 | Zig:21   | Noticed Aveodd the pandemonium lord
100598 | Zig:21   | Noticed Irryus the pandemonium lord
100599 | Zig:21   | Noticed Sechi the pandemonium lord
100600 | Zig:21   | Noticed Demmo the pandemonium lord
100600 | Zig:21   | Noticed Neun the pandemonium lord
100600 | Zig:21   | Noticed Menn the pandemonium lord
100600 | Zig:21   | Noticed Deibbic the pandemonium lord
100600 | Zig:21   | Noticed Ilacku the pandemonium lord
100600 | Zig:21   | Noticed Fyrhynn the pandemonium lord
100600 | Zig:21   | Noticed Maol the pandemonium lord
100600 | Zig:21   | Noticed Deycsuqu the pandemonium lord
100600 | Zig:21   | Noticed Yxzuastri the pandemonium lord
100600 | Zig:21   | Noticed Qanomej the pandemonium lord
100600 | Zig:21   | Noticed Meylurisk the pandemonium lord
100601 | Zig:21   | Noticed Hiuref the pandemonium lord
100602 | Zig:21   | Killed Ilacku the pandemonium lord
100602 | Zig:21   | Noticed Itheal the pandemonium lord
100603 | Zig:21   | Reached skill level 27 in Armour
100603 | Zig:21   | Noticed Biumpud the pandemonium lord
100603 | Zig:21   | Noticed Muhios the pandemonium lord
100603 | Zig:21   | Noticed Waiss the pandemonium lord
100603 | Zig:21   | Noticed Acemebo the pandemonium lord
100603 | Zig:21   | Noticed Cixat the pandemonium lord
100603 | Zig:21   | Noticed Asim the pandemonium lord
100603 | Zig:21   | Noticed Xoodun the pandemonium lord
100603 | Zig:21   | Noticed Tynasoif the pandemonium lord
100604 | Zig:21   | Noticed Imiotass the pandemonium lord
100604 | Zig:21   | Noticed Pujog the pandemonium lord
100604 | Zig:21   | Noticed Rostrep the pandemonium lord
100604 | Zig:21   | Noticed Jellomyx the pandemonium lord
100604 | Zig:21   | Noticed Ovisaim the pandemonium lord
100605 | Zig:21   | Killed Irryus the pandemonium lord
100605 | Zig:21   | Killed Rostrep the pandemonium lord
100605 | Zig:21   | Killed Maol the pandemonium lord
100605 | Zig:21   | Noticed Dusairph the pandemonium lord
100606 | Zig:21   | Noticed Xytzaz the pandemonium lord
100606 | Zig:21   | Killed Itheal the pandemonium lord
100606 | Zig:21   | Killed Meylurisk the pandemonium lord
100606 | Zig:21   | Killed Asim the pandemonium lord
100606 | Zig:21   | Killed Jellomyx the pandemonium lord
100607 | Zig:21   | Found the +10 morningstar "Eos" {elec, Halo rElec}
100607 | Zig:21   | Killed Dusairph the pandemonium lord
100607 | Zig:21   | Killed Ovisaim the pandemonium lord
100607 | Zig:21   | Killed Muhios the pandemonium lord
100608 | Zig:21   | Killed Pujog the pandemonium lord
100610 | Zig:21   | Killed Xytzaz the pandemonium lord
100610 | Zig:21   | Killed Menn the pandemonium lord
100610 | Zig:21   | Noticed Gaku the pandemonium lord
100610 | Zig:21   | Noticed Xoijob the pandemonium lord
100611 | Zig:21   | Lost mutation: You have supernaturally acute eyesight.
                  | (SInv) [a shining eye]
100612 | Zig:21   | Paralysed by a floating eye for 3 turns
100613 | Zig:21   | Killed Tynasoif the pandemonium lord
100615 | Zig:21   | HP: 7/199 [tentacled monstrosity[Waiss] (4)]
100626 | Zig:21   | Killed Sechi the pandemonium lord
100635 | Zig:21   | Killed Xoodun the pandemonium lord
100639 | Zig:21   | Killed Qanomej the pandemonium lord
100643 | Zig:21   | HP: 3/199 [Deycsuqu the pandemonium lord (20)]
100643 | Zig:21   | HP: 1/199 [Deycsuqu the pandemonium lord (2)]
100644 | Zig:21   | Slain by Demmo the pandemonium lord

Illustrated notes

Levels and vault maps discovered:
D:1:      lightli_arrival_statuegarden, layout_basic
D:2:      layout_basic, serial_rivers, chequers_serial_rivers_room_b,
          chequers_serial_rivers_micro_c, chequers_serial_rivers_small_a,
          chequers_serial_rivers_micro_a, chequers_serial_rivers_small_b,
          evilmike_ruin_ashenzari, uniq_natasha, uniq_crazy_yiuf_cottage,
          uniq_jessica
D:3:      layout_loops_cross, grunt_temple_overflow_champion_of_chaos,
          lemuel_round_altar
D:4:      minmay_goblin_kobold_castle, layout_cave_pods,
          minmay_temple_entry_gardened_gates, ebering_ghost_inner_flame
D:5:      layout_cave_pools, gammafunk_temple_overflow_statue,
          gammafunk_ghost_abyssal_escape, trog_hazing_becter, uniq_blork_the_orc
D:6:      layout_basic, zin_scriptorium,
          nicolae_gozag_cash_rules_everything_around_me
D:7:      layout_basic, lemuel_coloured_pillars_altar
D:8:      layout_loops_ring
D:9:      layout_cave_pods, lemuel_round_altar, fedhas_bush_and_centaur_altar,
          tgw_trog, due_lair_maze_entry_diamond, minmay_stone_trees_large,
          minmay_gold_behind_fungi
D:10:     layout_cave_pools, serial_shops, nicolae_shop_statue_plus, uniq_erica,
          uniq_gastronok
D:11:     layout_irregular_city, minmay_guarded_unrand_resistance, uniq_erolcha
D:12:     layout_basic, hiddenorc1_lemuel, serial_shops, nicolae_shop_trees
D:13:     layout_layer_cave, gauntlet_entry_generic
D:14:     layout_long_grid, erik_vaults_1, kennysheep_flooded_box, minivault_7,
          uniq_kirke
D:15:     gammafunk_depths_entry_grave, layout_gridville
Temple:   hc_temple_tempest_star
Lair:1:   layout_loops_ring, grunt_megastairs_2
Lair:2:   lemuel_ratsnest, layout_cave_pods, minmay_lair_oklob_chamber,
          grunt_megastairs_5
Lair:3:   layout_roguey, elwin_shoals_entry_rooms, guppyfry_snake_entry_garden
Lair:4:   layout_regular_city, uniq_josephine, uniq_nessos
Lair:5:   layout_layer_cave
Lair:6:   due_jungle_book, layout_long_grid, nicolae_slime_entry_slimehenge,
          lightli_volcano_entry_magma_tube
Shoals:1: layout_shoals, nzn_prometheus_bound, uniq_roxanne
Shoals:2: layout_shoals, nicolae_shoals_stone_sculpture_thing
Shoals:3: layout_shoals, wheals_shoals_ruined_temple, uniq_polyphemus
Shoals:4: shoals_end_simple, layout_shoals, serial_shops, bzr_entry_customers,
          uniq_louise
Snake:1:  layout_chambers, uniq_aizul
Snake:2:  layout_basic, minmay_shoptagon
Snake:3:  layout_rooms, nicolae_snake_lava_pool, minmay_shop_grove
Snake:4:  snake_pit_salamanders_mu, layout_cave_town, uniq_nikola, uniq_asterion
Slime:1:  layout_caves
Slime:2:  layout_caves
Slime:3:  layout_caves
Slime:4:  layout_caves, cheibrodos_slime_lost_civilization_7
Slime:5
Orc:1:    layout_caves, special_room [special_room_orc],
          david_defended_altar_orc
Orc:2:    grunt_orc_tribal_feast, layout_caves
Elf:1:    layout_loops_cross, kennysheep_underground_church
Elf:2:    layout_loops_ring
Elf:3:    minmay_elf_hall_spiked, layout_geoelf_castle
Vaults:1: nicolae_vaults_circle_grid_b, v_misc_4, grunt_vaults_diagonal,
          nicolae_vaults_meeting, v_rooms_6, nicolae_vaults_circle_grid_b,
          hangedman_vaults_stitches, ontoclasm_vaults_ring_large, v_misc_9,
          v_misc_3, layout_vaults_omnibox, serial_shops, shop
Vaults:2: nicolae_vaults_network_periphery, hangedman_vaults_stream,
          nicolae_vaults_yaktaur_gun_rack, hangedman_vaults_nails,
          hangedman_vaults_trim, nicolae_vaults_network_barrier,
          nicolae_vaults_statue_guard, vaults_dpeg_hooks,
          ontoclasm_vaults_ring_small, vaults_mumra_chevron,
          ontoclasm_vaults_loading_screen, layout_vaults_maze, basic_altar,
          uniq_mennas
Vaults:3: v_misc_16, nicolae_vaults_border_crossing, v_misc_10,
          vaults_standard_mumra_x, vaults_dpeg_diagonal,
          nicolae_vaults_gold_heap, nicolae_vaults_shelves_hall,
          vaults_room_hallway, dpeg_vaults_monster_box,
          ontoclasm_vaults_decontamination, layout_vaults_omnigrid
Vaults:4: hangedman_vaults_corner, ontoclasm_vaults_tryst,
          ontoclasm_vaults_ligature, vaults_standard_mumra_enter_the_diamond,
          nicolae_vaults_holding_cells, nicolae_vaults_what_the_h,
          hangedman_vaults_stretched_pinwheel, v_pattern_5, layout_vaults_ring,
          uniq_sojobo, uniq_saint_roka
Vaults:5: serial_shops
Crypt:1:  gammafunk_crypt_yreds_forest, layout_misc_corridors,
          gammafunk_ghost_grave
Crypt:2:  layout_catacombs, skrybe_necro_troll_2
Crypt:3:  evilmike_haunted_forest
Tomb:1
Tomb:2
Tomb:3
Depths:1: minmay_the_grid_triangle_9x9_rhombus_thin_mashed
          [minmay_the_grid_triangle_9x9_flanged_cone,
          minmay_the_grid_triangle_9x9_prize_top_heavy,
          minmay_the_grid_triangle_9x9_steps,
          minmay_the_grid_triangle_9x9_fully_insulated_deathbox],
          layout_gridville, enter_ziggurat_b, rand_demon_pan_entry_8,
          chequers_serial_rivers_room_a, hell_entry, hangedman_decor_points,
          minmay_fractal_squares_gapless_7
Depths:2: wad_pebble_path, layout_cave_shapes, minmay_misc_feat_alley,
          abyss_entry_small_statue_room, hellmouth_1, grunt_ministairs_15,
          minmay_splitting_lines, corexii_corridor_pit, serial_bayou_shore_a
Depths:3: radiant_caverns_b_rkd, pan_entry, hell_entry
Depths:4: nzn_winding_woodlands_cross [nzn_winding_woodlands_5x15_default,
          nzn_winding_woodlands_5x15_parted, nzn_winding_woodlands_5x15_jagged,
          nzn_winding_woodlands_5x15_longhouse,
          nzn_winding_woodlands_15x15_killbox], layout_honeycomb,
          hangedman_abyss_entry_splay, grunt_mini_vestibule,
          rand_demon_pan_entry_7, uniq_boris
Depths:5: grunt_twist_and_shout, layout_honeycomb, hell_entry,
          roderic_serpentine_path, infiniplex_enter_wizlab_water, minivault_16,
          uniq_enchantress, uniq_jory
Zig:21

Skill      XL: |  1  2  3  4  5  6  7  8  9 10 11 12 13 14 15 16 17 18 19 20 21 22 23 24 25 26 27 |
---------------+----------------------------------------------------------------------------------+-----
Earth Magic    | 4 5 6 7 8 9 10 11 12 13 14 15 16 17 19 21 22 27 | 27.0
Conjurations   | 1 2 3 4 6 7 8 9 10 11 12 13 14 15 16 17 27 | 27.0
Spellcasting   | 3 4 5 6 7 8 9 10 11 12 13 14 15 27 | 27.0
Fighting       | 2 3 5 6 7 8 9 10 11 12 13 14 15 16 17 27 | 27.0
Maces & Flails | 1 3 4 5 7 8 9 10 11 12 13 14 15 16 | 16.0
Armour         | 2 3 5 6 27 | 27.0
Dodging        | 2 3 4 5 6 7 8 9 10 11 12 13 27 | 27.0
Evocations     | 1 3 4 5 6 7 8 9 10 | 10.0
Fire Magic     | 4 9 13 15 16 17 18 19 27 | 27.0
Shields        | 4 6 8 9 11 12 19 | 19.0
Necromancy     | 21 | 21.0
Transmutations | 10 | 10.0
Ice Magic      | 27 | 27.0
Air Magic      | 27 | 27.0
Throwing       | 25 | 25.8
Stealth        | 27 | 27.0
Staves         | 27 | 27.0

Action                   |  1- 3 |  4- 6 |  7- 9 | 10-12 | 13-15 | 16-18 | 19-21 | 22-24 | 25-27 || total
-------------------------+-------+-------+-------+-------+-------+-------+-------+-------+-------++-------
Melee: Whip              |   130 |   216 |   608 |   129 |       |       |       |       |       ||  1083
       Dagger            |       |       |       |   341 |   837 |   643 |   206 |       |       ||  2027
       Demon whip        |       |       |       |       |       |       |    83 |       |  1105 ||  1188
       Great mace        |       |       |       |       |       |       |   207 |   172 |   227 ||   606
       Eveningstar       |       |       |       |       |       |       |       |       |  2071 ||  2071
       Staff             |       |       |       |       |       |       |       |       |   204 ||   204
Throw: Javelin           |       |       |       |       |       |       |       |       |     2 ||     2
 Cast: Sandblast         |    20 |    30 |    64 |    67 |    69 |     7 |     4 |       |       ||   261
       Stone Arrow       |       |     3 |    19 |    37 |    47 |    19 |     1 |     1 |     3 ||   130
       Lee's Rapid Decon |       |       |    19 |    50 |    89 |    41 |    19 |    32 |    35 ||   285
       Orb of Destructio |       |       |       |       |    16 |       |       |       |       ||    16
       Starburst         |       |       |       |       |    33 |     8 |       |       |       ||    41
       Bolt of Magma     |       |       |       |       |    38 |   206 |    39 |       |     3 ||   286
       Ignition          |       |       |       |       |     1 |    65 |    73 |    43 |   235 ||   417
       Irradiate         |       |       |       |       |     1 |     5 |     8 |       |     3 ||    17
       Iron Shot         |       |       |       |       |       |     3 |   147 |    74 |   143 ||   367
       Shatter           |       |       |       |       |       |       |       |    68 |   801 ||   869
       Fire Storm        |       |       |       |       |       |       |       |       |   186 ||   186
       Absolute Zero     |       |       |       |       |       |       |       |       |   200 ||   200
       Necromutation     |       |       |       |       |       |       |       |       |    23 ||    23
       Tornado           |       |       |       |       |       |       |       |       |    12 ||    12
       Death's Door      |       |       |       |       |       |       |       |       |     4 ||     4
 Abil: Fly               |       |       |       |       |     1 |       |       |       |       ||     1
       End Transformatio |       |       |       |       |       |       |       |       |     5 ||     5
       Evoke Invisibilit |       |       |       |       |       |       |       |       |     3 ||     3
Evoke: Wand              |       |       |       |    12 |     3 |       |    10 |       |     9 ||    34
       Lightning rod     |       |       |       |     4 |       |       |     2 |       |       ||     6
       Box of beasts     |       |       |       |       |       |       |     1 |       |     1 ||     2
       Condenser vane    |       |       |       |       |       |       |     3 |       |     4 ||     7
       Tin of tremorston |       |       |       |       |       |       |       |     2 |       ||     2
       Phantom mirror    |       |       |       |       |       |       |       |       |     1 ||     1
       Figurine of a zig |       |       |       |       |       |       |       |       |     4 ||     4
  Use: Scroll            |       |    11 |     6 |    11 |    17 |    10 |    27 |     5 |   162 ||   249
       Potion            |       |       |       |     2 |     7 |     1 |     7 |     5 |    93 ||   115
 Stab: Sleeping          |     6 |     8 |     4 |     1 |     5 |       |       |     1 |     2 ||    27
       Distracted        |       |       |       |       |       |     1 |     1 |       |    28 ||    30
       Invisible         |       |       |       |       |       |       |       |       |     1 ||     1
Armor: Robe              |    49 |   101 |   306 |   266 |   534 |   545 |   308 |   107 |   406 ||  2622
       Troll leather arm |       |       |       |       |       |       |       |       |   863 ||   863
       Acid dragon scale |       |       |       |       |       |       |       |       |    12 ||    12
Dodge: Dodged            |   117 |   165 |   431 |   343 |   797 |   576 |   499 |   274 |  3439 ||  6641
Block: Kite shield       |       |       |       |       |       |       |       |       |  3024 ||  3024

Table legend: (Time is in decaauts)
 A = Elapsed time spent in this place.
 B = Non-inter-level travel time spent in this place.
 C = Inter-level travel time spent in this place.
 D = Time resting spent in this place.
 E = Time spent auto-exploring this place.
 F = Levels seen in this place.
 G = Mean time per level.
                   A        B        C        D        E       F      G
               +--------+--------+--------+--------+--------+-----+--------+
         Total |  99732 |  91836 |   7896 |  16259 |  45659 | 180 |  554.1 |
       Dungeon |  21288 |  18171 |   3117 |   1913 |  11208 |  15 | 1419.2 |
        Temple |     26 |     16 |     10 |      0 |      1 |   1 |   26.0 |
          Lair |   8184 |   7238 |    946 |    787 |   4936 |   6 | 1364.0 |
        Shoals |   5782 |   5382 |    400 |    832 |   3502 |   4 | 1445.5 |
     Snake Pit |   7942 |   7177 |    765 |   1887 |   3810 |   4 | 1985.5 |
    Slime Pits |    575 |    533 |     42 |    249 |      0 |   5 |  115.0 |
  Orcish Mines |   2106 |   1926 |    180 |    285 |   1114 |   2 | 1053.0 |
   Elven Halls |   3389 |   3155 |    234 |    377 |   2132 |   3 | 1129.7 |
        Vaults |  10098 |   8900 |   1198 |   1508 |   5537 |   5 | 2019.6 |
         Crypt |   5299 |   4888 |    411 |    837 |   2583 |   3 | 1766.3 |
          Tomb |   2421 |   2335 |     86 |    449 |    927 |   3 |  807.0 |
        Depths |   6831 |   6328 |    503 |    998 |   3729 |   5 | 1366.2 |
         Abyss |   2086 |   2086 |      0 |     92 |    838 |   3 |  695.3 |
   Pandemonium |   9722 |   9722 |      0 |   1097 |   4446 |  15 |  648.1 |
      Ziggurat |  11515 |  11515 |      0 |   4321 |     55 | 102 |  112.9 |
        Bazaar |    107 |    107 |      0 |      0 |      9 |   1 |  107.0 |
       Volcano |    333 |    333 |      0 |      9 |     11 |   1 |  333.0 |
        Wizlab |   1453 |   1453 |      0 |    359 |    687 |   1 | 1453.0 |
      Gauntlet |    567 |    567 |      0 |    257 |    132 |   1 |  567.0 |
               +--------+--------+--------+--------+--------+-----+--------+

Top non-repeatable levels by time:
 Snake:4: 2904 daAuts
Vaults:3: 2315 daAuts
Vaults:1: 2301 daAuts
Vaults:4: 2240 daAuts
    D:14: 2168 daAuts
 Crypt:3: 2164 daAuts
     D:4: 2094 daAuts
 Snake:1: 1972 daAuts
  Lair:6: 1950 daAuts
     D:9: 1928 daAuts
    D:11: 1921 daAuts
 Snake:3: 1831 daAuts
Depths:3: 1775 daAuts
Shoals:3: 1759 daAuts
Vaults:2: 1733 daAuts
